Workbook
Name _GrafikDaten_9.1: Titelblatt!$C$20:$E$30
Name _GrafikDaten_9.2: 'Überblick in Grafiken'!$C$3:$F$13
Name _GrafikDaten_9.3: 'Überblick in Grafiken'!$C$23:$G$31
Name _GrafikDaten_9.4: 'Überblick in Grafiken'!$C$43:$E$53
Name _GrafikDaten_9.5: '9.2.1'!$M$26:$R$52
Name _GrafikDaten_9.6: '9.3.1'!$J$14:$M$23
Name _GrafikDaten_9.7: '9.5.1'!$H$38:$I$46
Name _Tabelle_9.1: '9.1'!$A$2:$J$45
Name _Tabelle_9.2.1: '9.2.1'!$A$3:$K$24
Name _Tabelle_9.2.2: '9.2.2+9.2.3'!$A$3:$D$24
Name _Tabelle_9.2.3: '9.2.2+9.2.3'!$A$27:$I$48
Name _Tabelle_9.3.1: '9.3.1'!$A$3:$H$12
Name _Tabelle_9.3.2: '9.3.2'!$A$3:$G$54
Name _Tabelle_9.3.3: '9.3.3'!$A$3:$J$21
Name _Tabelle_9.4.1: '9.4.1'!$A$3:$G$49
Name _Tabelle_9.5.1: '9.5.1'!$A$3:$F$36
Name _Tabelle_9.6.1: '9.6.1'!$A$3:$J$20
Name _Tabelle_9.6.2: '9.6.2'!$A$3:$M$20
Name _Tabelle_9.7.1: '9.7.1'!$A$3:$F$42
Name _Tabelle_9.8.1: '9.8.1'!$A$3:$H$34
Name _Tabelle_9.8.2: '9.8.2'!$A$3:$H$45
Name _Tabelle_9.9.1: '9.9.1+9.9.2'!$A$3:$H$13
Name _Tabelle_9.9.2: '9.9.1+9.9.2'!$A$16:$H$39

Sheet Titelblatt
A1: Titelblatt des Kapitels 9 "Steuern": Link zum Inhaltsverzeichnis
A2: 9 | Steuern
A20: Grafik 9.1 | C20: Daten der Grafik 9.1 "Umsatzsteuerpflichtige je 1.000 Einwohnerinnen bzw. Einwohner 2024 nach Kreisen"
C21: Kreise | D21: Umsatzsteuerpflichtige je 1.000 EW | E21: Nachrichtlich: Bevölkerung am 31.12.2024
C22: Rostock | D22: ='9.3.3'!C5*1000/GrafikDaten_9.1[[#This Row],[Nachrichtlich: Bevölkerung am 31.12.2024]] -> 27.466185 | E22: 205307
C23: Schwerin | D23: ='9.3.3'!D5*1000/GrafikDaten_9.1[[#This Row],[Nachrichtlich: Bevölkerung am 31.12.2024]] -> 28.756561 | E23: 98308
C24: Mecklenburgische Seenplatte | D24: ='9.3.3'!E5*1000/GrafikDaten_9.1[[#This Row],[Nachrichtlich: Bevölkerung am 31.12.2024]] -> 32.259112 | E24: 246318
C25: Landkreis Rostock | D25: ='9.3.3'!F5*1000/GrafikDaten_9.1[[#This Row],[Nachrichtlich: Bevölkerung am 31.12.2024]] -> 37.947888 | E25: 218721
C26: Vorpommern-Rügen | D26: ='9.3.3'!G5*1000/GrafikDaten_9.1[[#This Row],[Nachrichtlich: Bevölkerung am 31.12.2024]] -> 39.460416 | E26: 215203
C27: Nordwestmecklenburg | D27: ='9.3.3'!H5*1000/GrafikDaten_9.1[[#This Row],[Nachrichtlich: Bevölkerung am 31.12.2024]] -> 32.113956 | E27: 156692
C28: Vorpommern-Greifswald | D28: ='9.3.3'!I5*1000/GrafikDaten_9.1[[#This Row],[Nachrichtlich: Bevölkerung am 31.12.2024]] -> 32.579704 | E28: 224956
C29: Ludwigslust-Parchim | D29: ='9.3.3'!J5*1000/GrafikDaten_9.1[[#This Row],[Nachrichtlich: Bevölkerung am 31.12.2024]] -> 32.057936 | E29: 208092
C30: Mecklenburg-Vorpommern | D30: ='9.3.3'!B5*1000/GrafikDaten_9.1[[#This Row],[Nachrichtlich: Bevölkerung am 31.12.2024]] -> 33.195284 | E30: 1573597

Sheet Inhalt
A1: Inhaltsverzeichnis des Kapitels 9 "Steuern": Die Gliederungen und Überschriften auf dieser Seite sind Links zum Inhalt.
A2: Inhaltsverzeichnis | C2: Seite
A3: Überblick | B3: Überblick in Grafiken | C3: =D3+238 -> 241 | D3: 3
B4: Überblick in Worten | C4: =D4+238 -> 242 | D4: 4
A5: Ergebnisse in Tabellen
A6: 9.1 | B6: Kassenmäßige Steuereinnahmen im Zeitvergleich nach Steuerarten | D6: 4
A7: 9.2 Teil 1 | B7: Realsteuervergleich
A8: 9.2.1 | B8: Realsteuervergleich 2025 nach Kreisen | C8: =D8+238 -> 244 | D8: 6
A9: 9.2.2 | B9: Realsteuervergleich 2025 nach Gebietskörperschaftsgruppen der kreisfreien Städte | C9: =D9+238 -> 245 | D9: 7
A10: 9.2.3 | B10: Realsteuervergleich 2025 nach Gebietskörperschaftsgruppen der kreisangehörigen Gemeinden | C10: =D10+238 -> 245 | D10: 7
A11: 9.3 | B11: Umsatzsteuer – Voranmeldungen
A12: 9.3.1 | B12: Umsatzsteuerpflichtige, steuerbarer Umsatz und Umsatzsteuer im Zeitvergleich | C12: =D12+238 -> 246 | D12: 8
A13: 9.3.2 | B13: Umsatzsteuerpflichtige, steuerbarer Umsatz und Umsatzsteuer 2024 nach Wirtschaftsgliederung, Größenklassen und Rechtsformen | C13: =D13+238 -> 247 | D13: 9
A14: 9.3.3 | B14: Umsatzsteuerpflichtige und Lieferungen und Leistungen 2024 nach Wirtschaftsgliederung und Kreisen | C14: =D14+238 -> 248 | D14: 10
A15: 9.4 | B15: Umsatzsteuer – Veranlagungen
A16: 9.4.1 | B16: Umsatzsteuerpflichtige, steuerbarer Umsatz und Umsatzsteuer 2021 nach Wirtschaftsgliederung, Größenklassen und Rechtsformen | C16: =D16+238 -> 249 | D16: 11
A17: 9.5 | B17: Lohn- und Einkommensteuer
A18: 9.5.1 | B18: Lohn- und Einkommensteuerpflichtige 2022 nach Gesamtbetrag der Einkünfte | C18: =D18+238 -> 250 | D18: 12
A19: 9.6 | B19: Personengesellschaften und Gemeinschaften
A20: 9.6.1 | B20: Personengesellschaften und Gemeinschaften 2021 nach Einkunftsarten und Verlustfällen | C20: =D20+238 -> 251 | D20: 13
A21: 9.6.2 | B21: Personengesellschaften und Gemeinschaften 2021 nach Einkunftsarten und Gewinnfällen | C21: =D21+238 -> 252 | D21: 14
A22: 9.7 | B22: Körperschaftsteuer
A23: 9.7.1 | B23: Körperschaftsteuerpflichtige 2021 nach Gesamtbetrag der Einkünfte | C23: =D23+238 -> 253 | D23: 15
A24: 9.8 | B24: Gewerbesteuer
A25: 9.8.1 | B25: Gewerbesteuerpflichtige mit einem Steuermessbetrag = 0 und Besteuerungsgrundlagen 2021 nach Wirtschaftsgliederung und Rechtsformen | C25: =D25+238 -> 254 | D25: 16
A26: 9.8.2 | B26: Gewerbesteuerpflichtige mit einem positivem Steuermessbetrag und Besteuerungsgrundlagen 2021 nach Wirtschaftsgliederung, Größenklassen und Rechtsformen | C26: =D26+238 -> 255 | D26: 17
A27: 9.9 | B27: Erbschaft- und Schenkungsteuer
A28: 9.9.1 | B28: Steuerfälle, steuerpflichtiger Erwerb und festgesetzte Steuer im Zeitvergleich | C28: =D28+238 -> 256 | D28: 18
A29: 9.9.2 | B29: Nachlassgegenstände, Nachlassverbindlichkeiten und Reinnachlass 2025 nach Höhe des Reinnachlasses | C29: =D29+238 -> 256 | D29: 18
A30: Ergebnisse in Grafiken
A31: 9.1 | B31: Umsatzsteuerpflichtige je 1.000 Einwohnerinnen bzw. Einwohner 2024 nach Kreisen | C31: =D31+238 -> 239 | D31: 1
A32: 9.2 | B32: Umsatzsteuerpflichtige, Lieferungen und Leistungen sowie Umsatzsteuer im Zeitvergleich | C32: =D32+238 -> 241 | D32: 3
A33: 9.3 | B33: Fälle und steuerpflichtiger Erwerb von Todes wegen/Schenkungen im Zeitvergleich | C33: =D33+238 -> 241 | D33: 3
A34: 9.4 | B34: Lohn- und Einkommensteuerpflichtige mit positivem Gesamtbetrag der Einkünfte 2022 nach Größenklassen des Gesamtbetrages der Einkünfte | C34: =D34+238 -> 241 | D34: 3
A35: 9.5 | B35: Ausgewählte kassenmäßige Steuereinnahmen der Städte und Gemeinden im Zeitvergleich | C35: =D35+238 -> 244 | D35: 6
A36: 9.6 | B36: Umsatzsteuerpflichtige und Lieferungen und Leistungen 2024 nach Wirtschaftsgliederung | C36: =D36+238 -> 246 | D36: 8
A37: 9.7 | B37: Lohn- und Einkommensteuerpflichtige 2022 nach Art der überwiegenden Einkünfte | C37: =D37+238 -> 250 | D37: 12
A38: Erläuterungen
A39: Fußnotenerläuterungen | C39: =D39+238 -> 257 | D39: 19
A40: Methodik | C40: =D40+238 -> 258 | D40: 20
A41: Glossar | C41: =D41+238 -> 259 | D41: 21
A42: Mehr zum Thema | C42: =D42+238 -> 261 | D42: 23

Sheet Überblick in Grafiken
A1: Link zum Inhaltsverzeichnis
A2: Überblick in Grafiken
A3: Grafik 9.2 | C3: Daten der Grafik 9.2 "Umsatzsteuerpflichtige, Lieferungen und Leistungen sowie Umsatzsteuer im Zeitvergleich"
C4: Jahr | D4: Steuerpflichtige | E4: Lieferungen und Leistungen in Mill. EUR | F4: Umsatzsteuer vor Abzug in Mill. EUR
C5: 1997 | D5: 47126 | E5: 31825.482 | F5: 3915.355
C6: 2000 | D6: 50524 | E6: 32251.745 | F6: 4075.793
C7: 2005 | D7: 51750 | E7: 33237.595 | F7: 4098.139
C8: 2010 | D8: 54336 | E8: 40106.917 | F8: 5540.076
C9: 2015 | D9: 55466 | E9: 44215.304 | F9: 6495.725
C10: 2020 | D10: 51993 | E10: 47960.62 | F10: 6502.514
C11: 2022 | D11: 52277 | E11: 59767.326 | F11: 8679.125
C12: 2023 | D12: 52352 | E12: 62394.947 | F12: 8821.716
C13: 2024 | D13: ='9.3.1'!H5 -> 52236 | E13: ='9.3.1'!H7/1000 -> 60682.804 | F13: ='9.3.1'!H10/1000 -> 8832.579
A23: Grafik 9.3 | C23: Daten der Grafik 9.3 "Fälle und steuerpflichtiger Erwerb von Todes wegen/Schenkungen im Zeitvergleich"
C24: Jahr | D24: Fälle Erwerb von Todes wegen | E24: Beträge Erwerb von Todes wegen in Mill. EUR | F24: Fälle Schenkungen | G24: Beträge Schenkungen in Mill. EUR
C25: 2010 | D25: 751 | E25: 28.034 | F25: 200 | G25: 15.557
C26: 2015 | D26: 769 | E26: 47.879 | F26: 143 | G26: 12.246
C27: 2020 | D27: 1030 | E27: 83.547 | F27: 253 | G27: 69.875
C28: 2022 | D28: 798 | E28: 74.571 | F28: 243 | G28: 61.807
C29: 2023 | D29: 1016 | E29: 83.723 | F29: 263 | G29: 59.18
C30: 2024 | D30: 842 | E30: 71.58 | F30: 204 | G30: 27.491
C31: 2025 | D31: ='9.9.1+9.9.2'!H8 -> 837 | E31: ='9.9.1+9.9.2'!H9/1000 -> 106.468 | F31: ='9.9.1+9.9.2'!H11 -> 320 | G31: ='9.9.1+9.9.2'!H12/1000 -> 126.649
A43: Grafik 9.4 | C43: Daten der Grafik 9.4 "Lohn- und Einkommensteuerpflichtige mit positivem Gesamtbetrag der Einkünfte 2022 nach Größenklassen des Gesamtbetrages der Einkünfte"
C44: Größenklasse des Gesamtbetrages | D44: Steuerpflichtige (Insgesamt = 100 %) | E44: Gesamtbetrag der Einkünfte (Insgesamt = 100 %)
C45: 0 bis unter 10.000 | D45: =('9.5.1'!B14+'9.5.1'!B15)*100/'9.5.1'!B5 -> 12.872006 | E45: =('9.5.1'!C14+'9.5.1'!C15)*100/'9.5.1'!C5 -> 1.2575688
C46: 10.000 bis unter 20.000 | D46: =('9.5.1'!B16+'9.5.1'!B17)*100/'9.5.1'!B5 -> 19.296111 | E46: =('9.5.1'!C16+'9.5.1'!C17)*100/'9.5.1'!C5 -> 7.8958074
C47: 20.000 bis unter 25.000 | D47: ='9.5.1'!B18*100/'9.5.1'!B5 -> 11.397527 | E47: ='9.5.1'!C18*100/'9.5.1'!C5 -> 6.6446313
C48: 25.000 bis unter 30.000 | D48: ='9.5.1'!B19*100/'9.5.1'!B5 -> 10.979089 | E48: ='9.5.1'!C19*100/'9.5.1'!C5 -> 7.8097831
C49: 30.000 bis unter 35.000 | D49: ='9.5.1'!B20*100/'9.5.1'!B5 -> 8.8356462 | E49: ='9.5.1'!C20*100/'9.5.1'!C5 -> 7.4140259
C50: 35.000 bis unter 50.000 | D50: ='9.5.1'!B21*100/'9.5.1'!B5 -> 15.888324 | E50: ='9.5.1'!C21*100/'9.5.1'!C5 -> 17.096298
C51: 50.000 bis unter 125.000 | D51: ='9.5.1'!B22*100/'9.5.1'!B5 -> 17.892409 | E51: ='9.5.1'!C22*100/'9.5.1'!C5 -> 33.73599
C52: 125.000 bis unter 250.000 | D52: ='9.5.1'!B23*100/'9.5.1'!B5 -> 2.1901801 | E52: ='9.5.1'!C23*100/'9.5.1'!C5 -> 9.3060632
C53: 250.000 oder mehr | D53: =('9.5.1'!B24+'9.5.1'!B25+'9.5.1'!B26)*100/'9.5.1'!B5 -> 0.64870722 | E53: =('9.5.1'!C24+'9.5.1'!C25+'9.5.1'!C26)*100/'9.5.1'!C5 -> 8.8398254

Sheet Überblick in Worten
A1: Link zum Inhaltsverzeichnis
A2: Überblick in Worten
A3: § | B3: Die gewogenen Durchschnittshebesätze sanken in Mecklenburg-Vorpommern 2025 bei der Grundsteuer A auf 330 Prozent und bei der Grundsteuer B auf 419 Prozent im Vergleich zum Vorjahr. Bei der Gewebesteuer konnte dagegen ein leichter Zuwachs auf 403 Prozent verzeichnet werden.
A4: § | B4: 2024 haben 52.236 Unternehmen Umsatzsteuervoranmeldungen bei den Finanzämtern eingereicht. Deutschlandweit waren es wie im Vorjahr 3,1 Millionen Unternehmen.
A5: § | B5: Das größte Umsatzvolumen im Jahr 2024 aus Lieferungen und Leistungen erbrachten hier – wie im Vorjahr – die 8.123 Unternehmen des Wirtschaftszweiges Handel; Instandhaltung und Reparatur von Kraftfahrzeugen mit 12,9 Milliarden EUR. Das entspricht 21,3 Prozent des Gesamtvolumens für Mecklenburg-Vorpommern.
A6: § | B6: Die 176 Steuerpflichtigen Mecklenburg-Vorpommerns in der Wasserversorgung; Abwasser- und Abfallentsorgung und Beseitigung von Umweltverschmutzungen meldeten für ihre Unternehmen – im Vergleich mit den anderen Wirtschaftszweigen – im Jahr 2024 wieder den höchsten durchschnittlichen Umsatz aus Lieferungen und Leistungen an (5,6 Millionen EUR). Schlusslichter sind hier die 2.563 Unternehmen des Wirtschaftszweiges Erbringung von sonstigen Dienstleistungen (wie z. B. Friseurbetriebe, Kosmetiksalons, Wäschereien, Chemische Reinigungen u. Ä.) mit durchschnittlich 0,2 Millionen EUR angemeldetem Umsatz. Der Durchschnittswert aller steuerpflichtigen Unternehmen betrug 1,2 Millionen EUR (Deutschland: 2,8 Millionen EUR).
A7: § | B7: In Mecklenburg-Vorpommern haben 102.051 Steuerpflichtige für 2021 eine Umsatzsteuerveranlagung für Lieferungen und Leistungen von 54,8 Milliarden EUR eingereicht (Deutschland: rund 7,2 Millionen Steuerpflichtige mit Lieferungen und Leistungen von insgesamt 8.118,9 Milliarden EUR). 42,0 Prozent der Unternehmen rechneten einen Umsatz aus Lieferungen und Leistungen von 22.001 EUR oder weniger ab (Deutschland: 51,0 Prozent). Der größte Anteil dieser 42.847 Unternehmen ist dem Wirtschaftszweig Energieversorgung mit 7.475 Steuerpflichtigen zugeordnet.
A8: § | B8: Die 819.476 Lohn- und Einkommensteuerpflichtigen Mecklenburg-Vorpommerns erzielten 2022 Gesamtbeträge aller Ein- künfte von 31,6 Milliarden EUR, auf die 4,7 Milliarden EUR Steuern festgesetzt wurden (Deutschland: 2.103,0 Milliarden EUR Einkünfte; 375,6 Milliarden EUR Steuern).
A9: § | B9: Für Mecklenburg-Vorpommern ergab das einen durchschnittlichen Gesamtbetrag der Einkünfte von 38.579 EUR pro steuer- pflichtiger Person sowie eine durchschnittliche Steuerbelastung von 6.855 EUR (Steuerbelastungsquote von 14,8 Prozent). Im Vergleich der Bundesländer erreicht erneut Bayern mit 52.835 EUR den höchsten, Sachsen-Anhalt mit 37.802 EUR den niedrigsten Durchschnittswert je steuerpflichtiger Person beim Gesamtbetrag der Einkünfte. Die höchste Steuerbelastungs- quote ist mit 21,1 Prozent wieder in Hamburg zu verzeichnen; Thüringen weist mit 14,2 Prozent die geringste Quote aus.
A10: § | B10: Von den im Jahr 2022 in Deutschland gezählten 36.530 Einkommensmillionärinnen und -millionären hatten 328 ihren Wohnsitz in Mecklenburg-Vorpommern.
A11: § | B11: In Deutschland wird ein progressiver Steuersatz angewendet, der mit zunehmendem Einkommen steigt. 2022 wurden Einkommen ab 277.826 EUR (bei gemeinsam Veranlagten ab 555.652 EUR) mit 45 Prozent besteuert. Dieser sogenannte "Reichensteuersatz" fand in Mecklenburg-Vorpommern bei 1.663 steuerpflichtigen Personen Anwendung (Deutschland: 134.236 Steuerpflichtige). Auf sie entfielen 4,8 Prozent der gesamten Einkünfte (Deutschland: 7,6 Prozent) und 11,4 Prozent der Steuersumme (Deutschland: 15,3 Prozent).
A12: § | B12: In Mecklenburg-Vorpommern erbten 2025 insgesamt 837 Personen 106,5 Millionen EUR von Todes wegen. Darauf wurden 21,7 Millionen EUR Steuern festgesetzt. Schenkungen gingen im Wert von 126,6 Millionen EUR an 320 Personen. Hierfür wurden 15,7 Millionen EUR Steuern fällig.

Sheet 9.1
A1: Link zum Inhaltsverzeichnis
A2: 9.1 Kassenmäßige Steuereinnahmen im Zeitvergleich nach Steuerarten
A4: Steuerart | B4: 1995 in 1.000 EUR | C4: 2005 in 1.000 EUR | D4: 2007 1) in 1.000 EUR | E4: 2010 in 1.000 EUR | F4: 2015 in 1.000 EUR | G4: 2020 in 1.000 EUR | H4: 2023 in 1.000 EUR | I4: 2024 in 1.000 EUR | J4: 2025 in 1.000 EUR
A5: Vor der Steuerverteilung
A6: Gemeinschaftsteuern nach Artikel 106 Absatz 3 GG 2) | B6: 2080926 | C6: 1932407 | D6: 1542904 | E6: 1894309 | F6: 3402666 | G6: 3853348 | H6: 4578356 | I6: 5060998 | J6: 5339425
A7: davon
A8: Lohnsteuer 3) | B8: 1562741 | C8: 1292917 | D8: 715500 | E8: 728837 | F8: 1166685 | G8: 1366677 | H8: 1543694 | I8: 1656421 | J8: 1824060
A9: veranlagte Einkommen- steuer 4) | B9: 208178 | C9: 185750 | D9: 32670 | E9: 246540 | F9: 574789 | G9: 769976 | H9: 1052834 | I9: 1136365 | J9: 1155421
A10: nicht veranlagte Steuern vom Ertrag 4) | B10: 24077 | C10: 59914 | D10: 25421 | E10: 50196 | F10: 94330 | G10: 133285 | H10: 171688 | I10: 168574 | J10: 156254
A11: Abgeltungsteuer (einschließ- lich ehemaligem Zinsab- schlag) 5) | B11: 8342 | C11: 6283 | D11: 11812 | E11: 12914 | F11: 6917 | G11: 3251 | H11: 4372 | I11: 15873 | J11: 22763
A12: Körperschaftsteuer 4) | B12: 39582 | C12: 30046 | D12: 31748 | E12: 11093 | F12: 156073 | G12: 199309 | H12: 341171 | I12: 369201 | J12: 405927
A13: Umsatzsteuer | B13: 711793 | C13: 728997 | D13: 725753 | E13: 844729 | F13: 1403872 | G13: 1380849 | H13: 1464597 | I13: 1714564 | J13: 1775000
A14: Landessteuern | B14: 232596 | C14: 288479 | D14: 320856 | E14: 125278 | F14: 237301 | G14: 354147 | H14: 327532 | I14: 289454 | J14: 325228
A15: davon
A16: Erbschaftsteuer | B16: 2083 | C16: 5231 | D16: 6667 | E16: 7996 | F16: 11634 | G16: 19775 | H16: 26284 | I16: 17689 | J16: 28957
A17: Grunderwerbsteuer | B17: 69659 | C17: 66179 | D17: 97725 | E17: 70726 | F17: 170907 | G17: 270078 | H17: 230932 | I17: 198199 | J17: 227197
A18: Kraftfahrzeugsteuer | B18: 129128 | C18: 162139 | D18: 163132 | E18: x | F18: x | G18: x | H18: x | I18: x | J18: x
A19: Rennwett- und Lotteriesteuer einschl. Sportwett-, Online- Poker-, virtuelle Automaten- steuer | B19: 10833 | C19: 22550 | D19: 23592 | E19: 18814 | F19: 25022 | G19: 32681 | H19: 37453 | I19: 37867 | J19: 35721
A20: Feuerschutzsteuer | B20: 5192 | C20: 7362 | D20: 5558 | E20: 5022 | F20: 7809 | G20: 9237 | H20: 12078 | I20: 15472 | J20: 14240
A21: Biersteuer | B21: 15701 | C21: 25017 | D21: 24183 | E21: 22720 | F21: 21929 | G21: 22375 | H21: 20785 | I21: 20228 | J21: 19113
A22: Gemeindesteuern | B22: 204960 | C22: 432455 | D22: 456178 | E22: 489519 | F22: 647760 | G22: 760639 | H22: 1041228 | I22: 1126537 | J22: 1131837
A23: davon
A24: Grundsteuer | B24: 89676 | C24: 144828 | D24: 147979 | E24: 159157 | F24: 183070 | G24: 203023 | H24: 213478 | I24: 217134 | J24: 215477
A25: Gewerbesteuer (brutto) | B25: 106079 | C25: 272987 | D25: 297103 | E25: 317091 | F25: 443014 | G25: 531824 | H25: 792620 | I25: 870857 | J25: 875304
A26: sonstige Steuern (ohne steuer- ähnliche Einnahmen) | B26: 9202 | C26: 14645 | D26: 11096 | E26: 13271 | F26: 21676 | G26: 25792 | H26: 35130 | I26: 38546 | J26: 41056
A27: Nach der Steuerverteilung
A28: Steuereinnahmen des Landes | B28: 4438328 | C28: 5070480 | D28: 5730656 | E28: 5385967 | F28: 6100700 | G28: 6696536 | H28: 8018585 | I28: 8073606 | J28: 8309790
A29: davon
A30: Landessteuern | B30: 232596 | C30: 288479 | D30: 320856 | E30: 125278 | F30: 237301 | G30: 354147 | H30: 327532 | I30: 289454 | J30: 325228
A31: Lohn- und veranlagte Ein- kommensteuer | B31: 787573 | C31: 361611 | D31: 534392 | E31: 678600 | F31: 1090470 | G31: 1305300 | H31: 1565025 | I31: 1665849 | J31: 1780200
A32: nicht veranlagte Steuer vom Ertrag und Körperschaft- steuer | B32: x | C32: x | D32: 49308 | E32: 40330 | F32: 150948 | G32: 230544 | H32: 342126 | I32: 324953 | J32: 334310
A33: Abgeltungsteuer | B33: x | C33: x | D33: 16113 | E33: 24099 | F33: 21351 | G33: 14575 | H33: 16117 | I33: 48046 | J33: 70255
A34: Steuern vom Umsatz | B34: 2011770 | C34: 2210410 | D34: 2578429 | E34: 2452761 | F34: 2811689 | G34: 2246624 | H34: 2790046 | I34: 2799396 | J34: 2848464
A35: Gewerbesteuerumlage | B35: 6028 | C35: 22871 | D35: 22048 | E35: 17390 | F35: 24722 | G35: 31116 | H35: 42356 | I35: 50598 | J35: 46397
A36: Zuweisung ÖPNV | B36: x | C36: x | D36: 222769 | E36: 228308 | F36: 245953 | G36: 358713 | H36: 339126 | I36: 342895 | J36: 346603
A37: Bundesergänzungszuweisung | B37: x | C37: x | D37: 1478345 | E37: 1262792 | F37: 882674 | G37: 815473 | H37: 1002749 | I37: 961633 | J37: 948440
A38: Finanzkraftausgleich (ehemals Länderfinanzausgleich) | B38: x | C38: x | D38: 508396 | E38: 393414 | F38: 472598 | G38: 1177050 | H38: 1430514 | I38: 1427788 | J38: 1446899
A39: Kompensation Kraftfahrzeugsteuer | B39: x | C39: x | D39: x | E39: x | F39: 162995 | G39: 162995 | H39: 162995 | I39: 162995 | J39: 162995
A40: Steuereinnahmen der Gemein- den und Gemeindeverbände | B40: 455367 | C40: 572204 | D40: 667820 | E40: 756606 | F40: 1065045 | G40: 1316983 | H40: 1647574 | I40: 1770604 | J40: 1823977
A41: davon
A42: Gemeindesteuern | B42: 201590 | C42: 432455 | D42: 456178 | E42: 489519 | F42: 647760 | G42: 760639 | H42: 1041228 | I42: 1126537 | J42: 1131837
A43: Gewerbesteuerumlage (Ausgabe) | B43: -11866 | C43: -40286 | D43: -38084 | E43: -29735 | F43: -41912 | G43: -45737 | H43: -67430 | I43: -80858 | J43: -74834
A44: Anteil an Lohn-, veranlagter Einkommensteuer und Abgeltungsteuer | B44: 265643 | C44: 135071 | D44: 197033 | E44: 244019 | F44: 394324 | G44: 480941 | H44: 560606 | I44: 609508 | J44: 646853
A45: Gemeindeanteil an der Umsatzsteuer | B45: - | C45: 44964 | D45: 52693 | E45: 52803 | F45: 64873 | G45: 121140 | H45: 113170 | I45: 115417 | J45: 120121

Sheet 9.2.1
A1: Link zum Inhaltsverzeichnis
A2: 9.2 Realsteuervergleich
A3: 9.2.1 Realsteuervergleich 2025 nach Kreisen
A4: Merkmal | B4: Einheit | C4: Mecklen- burg-Vor- pommern | D4: Kreisfreie Stadt Rostock | E4: Kreisfreie Stadt Schwerin | F4: Mecklen- burgische Seenplatte | G4: Landkreis Rostock | H4: Vor- pommern- Rügen | I4: Nordwest- mecklen- burg | J4: Vor- pommern- Greifswald | K4: Ludwigs- lust- Parchim
A5: Realsteuer-Istaufkommen
A6: Grundsteuer A | B6: 1.000 EUR | C6: 19784 | D6: 81 | E6: 68 | F6: 4313 | G6: 3188 | H6: 3032 | I6: 2405 | J6: 3076 | K6: 3622
A7: Grundsteuer B | B7: 1.000 EUR | C7: 196601 | D7: 25766 | E7: 15056 | F7: 29008 | G7: 24157 | H7: 29677 | I7: 18659 | J7: 29397 | K7: 24881
A8: Gewerbesteuer | B8: 1.000 EUR | C8: 875446 | D8: 153348 | E8: 64518 | F8: 125504 | G8: 112939 | H8: 107241 | I8: 87231 | J8: 105000 | K8: 119665
A9: Realsteuer-Grundbeträge
A10: Grundsteuer A | B10: 1.000 EUR | C10: 6002 | D10: 23 | E10: 17 | F10: 1253 | G10: 1051 | H10: 868 | I10: 706 | J10: 947 | K10: 1136
A11: Grundsteuer B | B11: 1.000 EUR | C11: 46946 | D11: 5883 | E11: 2530 | F11: 5932 | G11: 7523 | H11: 8620 | I11: 4658 | J11: 6747 | K11: 5052
A12: Gewerbesteuer | B12: 1.000 EUR | C12: 217247 | D12: 32978 | E12: 14087 | F12: 31940 | G12: 31806 | H12: 27959 | I12: 22127 | J12: 25893 | K12: 30457
A13: Gewogene Durchschnitts- hebesätze
A14: Grundsteuer A | B14: % | C14: 330 | D14: 345 | E14: 400 | F14: 344 | G14: 303 | H14: 349 | I14: 341 | J14: 325 | K14: 319
A15: Grundsteuer B | B15: % | C15: 419 | D15: 438 | E15: 595 | F15: 489 | G15: 321 | H15: 344 | I15: 401 | J15: 436 | K15: 493
A16: Gewerbesteuer | B16: % | C16: 403 | D16: 465 | E16: 458 | F16: 393 | G16: 355 | H16: 384 | I16: 394 | J16: 406 | K16: 393
A17: Realsteueraufbringungskraft | B17: 1.000 EUR | C17: 1091831 | D17: 157605 | E17: 67420 | F17: 157683 | G17: 163141 | H17: 151628 | I17: 110998 | J17: 135719 | K17: 147637
A18: Realsteueraufbringungskraft | B18: EUR/EW 6) | C18: 696 | D18: 770 | E18: 688 | F18: 643 | G18: 746 | H18: 705 | I18: 709 | J18: 605 | K18: 711
A19: Gemeindeanteil an der
A20: Einkommensteuer | B20: 1.000 EUR | C20: 647511 | D20: 93636 | E20: 43924 | F20: 94984 | G20: 94290 | H20: 83765 | I20: 66646 | J20: 83931 | K20: 86335
A21: Umsatzsteuer | B21: 1.000 EUR | C21: 122783 | D21: 23843 | E21: 11104 | F21: 18784 | G21: 13125 | H21: 15083 | I21: 10526 | J21: 17110 | K21: 13207
A22: Gewerbesteuerumlage | B22: 1.000 EUR | C22: 76037 | D22: 11542 | E22: 4930 | F22: 11180 | G22: 11132 | H22: 9786 | I22: 7744 | J22: 9063 | K22: 10660
A23: Steuereinnahmekraft | B23: 1.000 EUR | C23: 1786088 | D23: 263542 | E23: 117518 | F23: 260271 | G23: 259424 | H23: 240691 | I23: 180426 | J23: 227698 | K23: 236518
A24: Steuereinnahmekraft | B24: EUR/EW 6) | C24: 1138 | D24: 1288 | E24: 1199 | F24: 1062 | G24: 1187 | H24: 1119 | I24: 1153 | J24: 1016 | K24: 1140
A26: Grafik 9.5 | M26: Daten der Grafik 9.5 "Ausgewählte kassenmäßige Steuereinnahmen der Städte und Gemeinden im Zeitvergleich"
M27: Jahr | N27: Grundsteuer A | O27: Grundsteuer B | P27: Gewerbesteuer | Q27: Gemeindeanteil an der Einkommensteuer | R27: Gemeindeanteil an der Umsatzsteuer
M28: 2001 | N28: 12.622 | O28: 126.407 | P28: 184.346 | Q28: 134.954 | R28: 44.632
M29: 2002 | N29: 12.358 | O29: 125.58 | P29: 178.321 | Q29: 123.959 | R29: 44.394
M30: 2003 | N30: 12.388 | O30: 130.651 | P30: 191.795 | Q30: 127.906 | R30: 43.999
M31: 2004 | N31: 12.552 | O31: 131.533 | P31: 242.922 | Q31: 121.99 | R31: 44.138
M32: 2005 | N32: 12.635 | O32: 131.099 | P32: 272.745 | Q32: 130.673 | R32: 44.882
M33: 2006 | N33: 13.045 | O33: 131.718 | P33: 305.145 | Q33: 149.805 | R33: 47.123
M34: 2007 | N34: 13.193 | O34: 134.389 | P34: 296.592 | Q34: 197.031 | R34: 52.625
M35: 2008 | N35: 13.406 | O35: 136.573 | P35: 300.022 | Q35: 243.075 | R35: 54.385
M36: 2009 | N36: 13.358 | O36: 139.496 | P36: 289.536 | Q36: 240.273 | R36: 52.216
M37: 2010 | N37: 13.735 | O37: 145.384 | P37: 316.993 | Q37: 247.847 | R37: 53.116
M38: 2011 | N38: 14.147 | O38: 150.721 | P38: 343.971 | Q38: 274.928 | R38: 56.064
M39: 2012 | N39: 14.289 | O39: 152.413 | P39: 368.346 | Q39: 300.119 | R39: 55.18
... M51: 2024 | N51: 18.565 | O51: 198.716 | P51: 870.992 | Q51: 601.01 | R51: 117.103
M52: 2025 | N52: =C6/1000 -> 19.784 | O52: =C7/1000 -> 196.601 | P52: =C8/1000 -> 875.446 | Q52: =C20/1000 -> 647.511 | R52: =C21/1000 -> 122.783

Sheet 9.2.2+9.2.3
A1: Link zum Inhaltsverzeichnis
A2: 9.2 Realsteuervergleich
A3: 9.2.2 Realsteuervergleich 2025 nach Gebietskörperschaftsgruppen der kreisfreien Städte
A4: Merkmal | B4: Einheit | C4: 50.000 bis unter 100.000 Einwoh- ner/innen | D4: 200.000 bis unter 500.000 Einwoh- ner/innen
A5: Realsteuer-Istaufkommen
A6: Grundsteuer A | B6: 1.000 EUR | C6: 68 | D6: 81
A7: Grundsteuer B | B7: 1.000 EUR | C7: 15056 | D7: 25766
A8: Gewerbesteuer | B8: 1.000 EUR | C8: 64518 | D8: 153348
A9: Realsteuer-Grundbeträge
A10: Grundsteuer A | B10: 1.000 EUR | C10: 17 | D10: 23
A11: Grundsteuer B | B11: 1.000 EUR | C11: 2530 | D11: 5883
A12: Gewerbesteuer | B12: 1.000 EUR | C12: 14087 | D12: 32978
A13: Gewogene Durchschnittshebesätze
A14: Grundsteuer A | B14: % | C14: 400 | D14: 345
A15: Grundsteuer B | B15: % | C15: 595 | D15: 438
A16: Gewerbesteuer | B16: % | C16: 458 | D16: 465
A17: Realsteueraufbringungskraft | B17: 1.000 EUR | C17: 67420 | D17: 157605
A18: Realsteueraufbringungskraft | B18: EUR/EW 6) | C18: 688 | D18: 770
A19: Gemeindeanteil an der
A20: Einkommensteuer | B20: 1.000 EUR | C20: 43924 | D20: 93636
A21: Umsatzsteuer | B21: 1.000 EUR | C21: 11104 | D21: 23843
A22: Gewerbesteuerumlage | B22: 1.000 EUR | C22: 4930 | D22: 11542
A23: Steuereinnahmekraft | B23: 1.000 EUR | C23: 117518 | D23: 263542
A24: Steuereinnahmekraft | B24: EUR/EW 6) | C24: 1199 | D24: 1288
A27: 9.2.3 Realsteuervergleich 2025 nach Gebietskörperschaftsgruppen der kreisangehörigen Gemeinden
A28: Merkmal | B28: Einheit | C28: Unter 1.000 Einwoh- ner/innen | D28: 1.000 bis unter 3.000 Einwoh- ner/innen | E28: 3.000 bis unter 5.000 Einwoh- ner/innen | F28: 5.000 bis unter 10.000 Einwoh- ner/innen | G28: 10.000 bis unter 20.000 Einwoh- ner/innen | H28: 20.000 bis unter 50.000 Einwoh- ner/innen | I28: 50.000 bis unter 100.000 Einwoh- ner/innen
A29: Realsteuer-Istaufkommen
A30: Grundsteuer A | B30: 1.000 EUR | C30: 10016 | D30: 4903 | E30: 2492 | F30: 1491 | G30: 433 | H30: 168 | I30: 132
A31: Grundsteuer B | B31: 1.000 EUR | C31: 28982 | D31: 30229 | E31: 19395 | F31: 27927 | G31: 14373 | H31: 13094 | I31: 21778
A32: Gewerbesteuer | B32: 1.000 EUR | C32: 118230 | D32: 104170 | E32: 83004 | F32: 121219 | G32: 67953 | H32: 63612 | I32: 99393
A33: Realsteuer-Grundbeträge
A34: Grundsteuer A | B34: 1.000 EUR | C34: 3092 | D34: 1451 | E34: 723 | F34: 468 | G34: 135 | H34: 51 | I34: 41
A35: Grundsteuer B | B35: 1.000 EUR | C35: 8138 | D35: 8998 | E35: 4903 | F35: 6582 | G35: 3105 | H35: 2725 | I35: 4081
A36: Gewerbesteuer | B36: 1.000 EUR | C36: 32772 | D36: 28239 | E36: 22943 | F36: 30695 | G36: 17110 | H36: 15692 | I36: 22730
A37: Gewogene Durchschnittshebesätze
A38: Grundsteuer A | B38: % | C38: 324 | D38: 338 | E38: 345 | F38: 318 | G38: 320 | H38: 328 | I38: 325
A39: Grundsteuer B | B39: % | C39: 356 | D39: 336 | E39: 396 | F39: 424 | G39: 463 | H39: 481 | I39: 534
A40: Gewerbesteuer | B40: % | C40: 361 | D40: 369 | E40: 362 | F40: 395 | G40: 397 | H40: 405 | I40: 437
A41: Realsteueraufbringungskraft | B41: 1.000 EUR | C41: 176336 | D41: 156263 | E41: 115370 | F41: 152804 | G41: 82399 | H41: 74814 | I41: 108821
A42: Realsteueraufbringungskraft | B42: EUR/EW 6) | C42: 705 | D42: 653 | E42: 682 | F42: 769 | G42: 646 | H42: 664 | I42: 642
A43: Gemeindeanteil an der
A44: Einkommensteuer | B44: 1.000 EUR | C44: 100883 | D44: 105902 | E44: 67960 | F44: 76361 | G44: 45630 | H44: 41559 | I44: 71656
A45: Umsatzsteuer | B45: 1.000 EUR | C45: 10368 | D45: 11824 | E45: 10547 | F45: 16470 | G45: 9756 | H45: 10153 | I45: 18717
A46: Gewerbesteuerumlage | B46: 1.000 EUR | C46: 11471 | D46: 9884 | E46: 8030 | F46: 10743 | G46: 5989 | H46: 5492 | I46: 7956
A47: Steuereinnahmekraft | B47: 1.000 EUR | C47: 276116 | D47: 264105 | E47: 185847 | F47: 234892 | G47: 131797 | H47: 121034 | I47: 191237
A48: Steuereinnahmekraft | B48: EUR/EW 6) | C48: 1104 | D48: 1103 | E48: 1099 | F48: 1182 | G48: 1033 | H48: 1074 | I48: 1128

Sheet 9.3.1
A1: Link zum Inhaltsverzeichnis
A2: 9.3 Umsatzsteuer – Voranmeldungen
A3: 9.3.1 Umsatzsteuerpflichtige, steuerbarer Umsatz und Umsatzsteuer im Zeitvergleich
A4: Merkmal | B4: Einheit | C4: 2000 | D4: 2010 | E4: 2015 | F4: 2020 | G4: 2023 | H4: 2024
A5: Steuerpflichtige 7) | B5: Anzahl | C5: 50524 | D5: 54336 | E5: 55466 | F5: 51993 | G5: 52352 | H5: 52236
A6: Steuerbarer Umsatz
A7: Lieferungen und Leistungen 8) | B7: 1.000 EUR | C7: 32251745 | D7: 40106917 | E7: 44215304 | F7: 47960620 | G7: 62394947 | H7: 60682804
A8: innergemeinschaftliche Erwerbe | B8: 1.000 EUR | C8: 916423 | D8: 1328242 | E8: 1719974 | F8: 1698392 | G8: 2288301 | H8: 2221193
A9: Umsatzsteuer insgesamt
A10: vor Abzug der Vorsteuerbeträge | B10: 1.000 EUR | C10: 4075793 | D10: 5540076 | E10: 6495725 | F10: 6502514 | G10: 8821716 | H10: 8832579
A11: abziehbare Vorsteuerbeträge | B11: 1.000 EUR | C11: 3280111 | D11: 4665972 | E11: 5065347 | F11: 5172187 | G11: 7309484 | H11: 6997295
A12: Umsatzsteuervorauszahlung | B12: 1.000 EUR | C12: 802364 | D12: 874659 | E12: 1430387 | F12: 1330353 | G12: 1512243 | H12: 1835295
A14: Grafik 9.6 | J14: Daten der Grafik 9.6 "Umsatzsteuerpflichtige und Lieferungen und Leistungen 2024 nach Wirtschaftsgliederung"
J15: Wirtschaftsgliederung | K15: Nr. der Klassifikation | L15: Steuerpflichtige (Insgesamt = 100 %) | M15: Lieferungen und Leistungen (Insgesamt = 100 %)
J16: Land- und Forstwirtschaft, Fischerei; Berbau und Gewinnung von Steinen und Erden | K16: A, B | L16: =('9.3.2'!B8+'9.3.2'!B9)*100/'9.3.2'!B6 -> 5.8905736 | M16: =('9.3.2'!C8+'9.3.2'!C9)*100/'9.3.2'!C6 -> 6.8992148
J17: Verarbeitendes Gewerbe; Energieversorgung, Wasserversorgung; Abwasser- und Abfallentsorgung und Beseitigung von Umweltverschmutzungen; Verkehr und Lagerei | K17: C, D, E, H | L17: =('9.3.2'!B10+'9.3.2'!B11+'9.3.2'!B12+'9.3.2'!B15)*100/'9.3.2'!B6 -> 11.044108 | M17: =('9.3.2'!C10+'9.3.2'!C11+'9.3.2'!C12+'9.3.2'!C15)*100/'9.3.2'!C6 -> 28.956299
J18: Baugewerbe | K18: F | L18: ='9.3.2'!B13*100/'9.3.2'!B6 -> 16.513516 | M18: ='9.3.2'!C13*100/'9.3.2'!C6 -> 9.9817602
J19: Handel; Instandhaltung und Reparatur von Kraftfahrzeugen | K19: G | L19: ='9.3.2'!B14*100/'9.3.2'!B6 -> 15.550578 | M19: ='9.3.2'!C14*100/'9.3.2'!C6 -> 21.267692
J20: Gastgewerbe | K20: I | L20: ='9.3.2'!B16*100/'9.3.2'!B6 -> 10.014166 | M20: ='9.3.2'!C16*100/'9.3.2'!C6 -> 4.9502442
J21: Erbringung von Finanz- und Versicherungsdienstleistungen; Grundstücks- und Wohnungswesen; Erbringung von freiberuflichen, wissenschaftlichen und technischen Dienstleistungen; Erbringung von sonstigen wirtschaftlichen Dienstleistungen | K21: K, L, M, N | L21: =('9.3.2'!B18+'9.3.2'!B19+'9.3.2'!B20+Tabelle_9.3.2[[#This Row],[Steuer- pflich- tige 9)]])*100/'9.3.2'!B6 -> 28.577992 | M21: =('9.3.2'!C18+'9.3.2'!C19+'9.3.2'!C20+Tabelle_9.3.2[[#This Row],[Steuerbarer Umsatz aus Lieferungen und Leis- tungen 8) in 1.000 EUR]])*100/'9.3.2'!C6 -> 19.859002
J22: Erziehung und Unterricht; Gesundheits- und Sozialwesen; Kunst, Unterhaltung und Erholung | K22: P, Q, R | L22: =(Tabelle_9.3.2[[#This Row],[Steuer- pflich- tige 9)]]+'9.3.2'!B23+'9.3.2'!B24)*100/'9.3.2'!B6 -> 5.4368635 | M22: =(Tabelle_9.3.2[[#This Row],[Steuerbarer Umsatz aus Lieferungen und Leis- tungen 8) in 1.000 EUR]]+'9.3.2'!C23+'9.3.2'!C24)*100/'9.3.2'!C6 -> 5.5631427
J23: Information und Kommunikation; Erbringung von sonstigen Dienstleistungen | K23: J; S | L23: =('9.3.2'!B25+'9.3.2'!B17)*100/'9.3.2'!B6 -> 6.9722031 | M23: =('9.3.2'!C25+'9.3.2'!C17)*100/'9.3.2'!C6 -> 2.5226521

Sheet 9.3.2
A1: Link zum Inhaltsverzeichnis
A2: 9.3 Umsatzsteuer – Voranmeldungen
A3: 9.3.2 Umsatzsteuerpflichtige, steuerbarer Umsatz und Umsatzsteuer 2024 nach Wirtschaftsgliederung, Größenklassen und
A4: Rechtsformen
A5: Merkmal | B5: Steuer- pflich- tige 9) | C5: Steuerbarer Umsatz aus Lieferungen und Leis- tungen 8) in 1.000 EUR | D5: Steuerbarer Umsatz inner- gemein- schaftlicher Erwerbe in 1.000 EUR | E5: Umsatz- steuer vor Abzug der Vorsteuer- beträge für Lieferungen und Leis- tungen in 1.000 EUR | F5: Abziehbare Vorsteuer- beträge in 1.000 EUR | G5: Umsatz- steuer- Voraus- zahlung in 1.000 EUR
A6: Insgesamt | B6: 52236 | C6: 60682804 | D6: 2221193 | E6: 7686437 | F6: 6997295 | G6: 1835295
A7: Wirtschaftsgliederung
A8: A Land- und Forstwirtschaft, Fischerei | B8: 3056 | C8: 4157259 | D8: 64599 | E8: 394584 | F8: 488367 | G8: -80296
A9: B Bergbau und Gewinnung von Steinen und Erden | B9: 21 | C9: 29378 | D9: 695 | E9: 4762 | F9: 3660 | G9: 1420
A10: C Verarbeitendes Gewerbe | B10: 2681 | C10: 10506984 | D10: 1025027 | E10: 1144570 | F10: 1432826 | G10: 4550
A11: D Energieversorgung | B11: 1258 | C11: 3745650 | D11: 28445 | E11: 513400 | F11: 694363 | G11: 5600
A12: E Wasserversorgung; Abwasser- und Abfallentsorgung und Beseitigung von Umweltverschmutzungen | B12: 176 | C12: 980420 | D12: 11113 | E12: 130947 | F12: 141333 | G12: 7441
A13: F Baugewerbe | B13: 8626 | C13: 6057212 | D13: 61135 | E13: 883720 | F13: 679077 | G13: 401491
A14: G Handel; Instandhaltung und Reparatur von Kraftfahrzeugen | B14: 8123 | C14: 12905832 | D14: 574549 | E14: 1949138 | F14: 1702102 | G14: 359523
A15: H Verkehr und Lagerei | B15: 1654 | C15: 2338440 | D15: 34126 | E15: 376249 | F15: 281092 | G15: 130541
A16: I Gastgewerbe | B16: 5231 | C16: 3003947 | D16: 14539 | E16: 386849 | F16: 241693 | G16: 158441
A17: J Information und Kommunikation | B17: 1079 | C17: 1018000 | D17: 6353 | E17: 175233 | F17: 141096 | G17: 51792
A18: K Erbringung von Finanz- und Versicherungsdienstleistungen | B18: 315 | C18: 1353016 | D18: 15383 | E18: 115239 | F18: 75401 | G18: 44280
A19: L Grundstücks- und Wohnungswesen | B19: 4406 | C19: 3356647 | D19: 28858 | E19: 322843 | F19: 212505 | G19: 130703
... A25: S Erbringung von sonstigen Dienstleistungen | B25: 2563 | C25: 512816 | D25: 14474 | E25: 88528 | F25: 40535 | G25: 51274
A26: Größenklassen der Lieferungen und Leistungen
A27: 22.001 bis unter 50.000 EUR | B27: 9510 | C27: 335244 | D27: 2292 | E27: 53809 | F27: 30598 | G27: 24525
A28: 50.000 bis unter 100.000 EUR | B28: 9959 | C28: 719989 | D28: 6039 | E28: 112836 | F28: 61459 | G28: 55377
A29: 100.000 bis unter 250.000 EUR | B29: 12067 | C29: 1947735 | D29: 26722 | E29: 306205 | F29: 170986 | G29: 146343
A30: 250.000 bis unter 500.000 EUR | B30: 7306 | C30: 2595498 | D30: 37008 | E30: 402134 | F30: 246874 | G30: 174565
A31: 500.000 bis unter 1 Mill. EUR | B31: 5545 | C31: 3924325 | D31: 60914 | E31: 594245 | F31: 382371 | G31: 242800
A32: 1 Mill. bis unter 2 Mill. EUR | B32: 3517 | C32: 4936187 | D32: 93736 | E32: 726571 | F32: 514845 | G32: 264767
A33: 2 Mill. bis unter 5 Mill. EUR | B33: 2551 | C33: 7908775 | D33: 171525 | E33: 1128784 | F33: 931694 | G33: 314293
A34: 5 Mill. bis unter 10 Mill. EUR | B34: 979 | C34: 6776298 | D34: 143622 | E34: 961743 | F34: 798779 | G34: 251371
A35: 10 Mill. bis unter 25 Mill. EUR | B35: 528 | C35: 7894608 | D35: 267454 | E35: 1016186 | F35: 921386 | G35: 231499
A36: 25 Mill. bis unter 50 Mill. EUR | B36: 147 | C36: 5088022 | D36: 182573 | E36: 654184 | F36: 613909 | G36: 142671
A37: 50 Mill. bis unter 100 Mill. EUR | B37: 76 | C37: 5182666 | D37: 300614 | E37: 571992 | F37: 576704 | G37: 101240
A38: 100 Mill. bis unter 250 Mill. EUR | B38: 35 | C38: 5235920 | D38: 212267 | E38: 516960 | F38: 517653 | G38: 88404
A39: 250 Mill. EUR oder mehr | B39: 16 | C39: 8137538 | D39: 716428 | E39: 640787 | F39: 1230037 | G39: -202562
A40: Rechtsformen
A41: Natürliche Personen, Einzelunternehmen | B41: 34438 | C41: 12868776 | D41: 197563 | E41: 1968571 | F41: 1308165 | G41: 751509
A42: Sonstige Einzelgewerbetreibende | B42: 26193 | C42: 10555032 | D42: 182053 | E42: 1659360 | F42: 1112610 | G42: 630129
A43: Angehörige der Freien Berufe | B43: 4009 | C43: 788196 | D43: 1868 | E43: 125377 | F43: 33327 | G43: 92927
A44: Personengesellschaften | B44: 6992 | C44: 10790845 | D44: 300753 | E44: 1479628 | F44: 1365037 | G44: 254226
A45: Gesellschaften mit beschränkter Haftung & Co. KG | B45: 2260 | C45: 7858053 | D45: 268822 | E45: 1094596 | F45: 1075481 | G45: 142779
A46: Gesellschaften des bürgerlichen Rechts | B46: 3498 | C46: 1484013 | D46: 14921 | E46: 198404 | F46: 137658 | G46: 67506
A47: Kapitalgesellschaften | B47: 9656 | C47: 32674921 | D47: 1637477 | E47: 4017115 | F47: 4107349 | G47: 800656
A48: Aktiengesellschaften | B48: 54 | C48: 1516254 | D48: 90623 | E48: 102189 | F48: 255246 | G48: -80490
A49: Gesellschaften mit beschränkter Haftung | B49: 8853 | C49: 30062338 | D49: 1287642 | E49: 3851799 | F49: 3595622 | G49: 927137
A50: Unternehmergesellschaft (haftungsbeschränkt) | B50: 744 | C50: 216257 | D50: 3155 | E50: 31389 | F50: 19984 | G50: 13846
A51: Übrige Rechtsformen | B51: 1150 | C51: 4348262 | D51: 85400 | E51: 221124 | F51: 216744 | G51: 28905
A52: Sonstige juristische Personen des privaten Rechts | B52: 439 | C52: 748242 | D52: 3184 | E52: 25006 | F52: 19358 | G52: 6625
... A54: Ausländische Rechtsform, die einer Kapitalgesellschaft entspricht | B54: 216 | C54: 438676 | D54: 59115 | E54: 57802 | F54: 50660 | G54: 22881

Sheet 9.3.3
A1: Link zum Inhaltsverzeichnis
A2: 9.3 Umsatzsteuer – Voranmeldungen
A3: 9.3.3 Umsatzsteuerpflichtige und Lieferungen und Leistungen 2024 nach Wirtschaftsgliederung und Kreisen
A4: Merkmal | B4: Mecklen- burg-Vor- pommern | C4: Kreisfreie Stadt Rostock | D4: Kreisfreie Stadt Schwerin | E4: Mecklen- burgische Seenplatte | F4: Landkreis Rostock | G4: Vor- pommern- Rügen | H4: Nordwest- mecklen- burg | I4: Vor- pommern- Greifswald | J4: Ludwigs- lust- Parchim
A5: Steuerpflichtige 9) insgesamt | B5: 52236 | C5: 5639 | D5: 2827 | E5: 7946 | F5: 8300 | G5: 8492 | H5: 5032 | I5: 7329 | J5: 6671
A6: darunter
A7: Land- und Forstwirtschaft, Fischerei | B7: 3056 | C7: . | D7: . | E7: 687 | F7: 526 | G7: 468 | H7: 340 | I7: 449 | J7: 565
A8: Verarbeitendes Gewerbe | B8: 2681 | C8: 236 | D8: 139 | E8: 436 | F8: 407 | G8: 350 | H8: 302 | I8: 342 | J8: 469
A9: Baugewerbe | B9: 8626 | C9: 559 | D9: 395 | E9: 1342 | F9: 1543 | G9: 1239 | H9: 993 | I9: 1088 | J9: 1467
A10: Handel; Instandhaltung und Reparatur von Kraftfahr- zeugen | B10: 8123 | C10: 973 | D10: 461 | E10: 1262 | F10: 1184 | G10: 1271 | H10: 710 | I10: 1223 | J10: 1039
A11: Gastgewerbe | B11: 5231 | C11: 496 | D11: 216 | E11: 753 | F11: 643 | G11: 1396 | H11: 412 | I11: 922 | J11: 393
A12: Grundstücks- und Wohnungs- wesen | B12: 4406 | C12: 577 | D12: 299 | E12: 587 | F12: 707 | G12: 795 | H12: 378 | I12: 609 | J12: 454
A13: Erbringung von freiberuf- lichen, wissenschaftlichen und technischen Dienst- leistungen | B13: 5873 | C13: 1035 | D13: 494 | E13: 828 | F13: 931 | G13: 740 | H13: 541 | I13: 695 | J13: 609
A14: Erbringung von sonstigen wirtschaftlichen Dienst- leistungen | B14: 4334 | C14: 391 | D14: 170 | E14: 624 | F14: 700 | G14: 807 | H14: 442 | I14: 657 | J14: 543
A15: Lieferungen und Leistungen 8) insgesamt in 1.000 EUR | B15: 60682804 | C15: 10319471 | D15: 4675865 | E15: 9844497 | F15: 7947894 | G15: 7063873 | H15: 5805812 | I15: 7064589 | J15: 7960803
A16: darunter
A17: Land- und Forstwirtschaft, Fischerei | B17: 4157259 | C17: . | D17: . | E17: 934201 | F17: 766280 | G17: 627431 | H17: 456639 | I17: 494042 | J17: 862216
A18: Verarbeitendes Gewerbe | B18: 10506984 | C18: 2007828 | D18: 468602 | E18: 1011296 | F18: 847787 | G18: 698001 | H18: 2054900 | I18: 1065601 | J18: 2352969
A19: Baugewerbe | B19: 6057212 | C19: 454738 | D19: 373150 | E19: 1139488 | F19: 1066200 | G19: 818784 | H19: 632700 | I19: 633130 | J19: 939023
A20: Handel; Instandhaltung und Reparatur von Kraftfahr- zeugen | B20: 12905832 | C20: 2060718 | D20: 649451 | E20: 2939832 | F20: 1840527 | G20: 1446498 | H20: 818488 | I20: 1377262 | J20: 1773055
A21: Gastgewerbe | B21: 3003947 | C21: 638149 | D21: 113502 | E21: 342846 | F21: 375905 | G21: 701583 | H21: 182334 | I21: 531702 | J21: 117924
A22: Grundstücks- und Wohnungs- wesen | B22: 3356647 | C22: 658695 | D22: 208369 | E22: 561340 | F22: 636835 | G22: 477309 | H22: 227917 | I22: 329899 | J22: 256282
A23: Erbringung von freiberuf- lichen, wissenschaftlichen und technischen Dienst- leistungen | B23: 5000785 | C23: 1459440 | D23: 244530 | E23: 470755 | F23: 602458 | G23: 467257 | H23: 338374 | I23: 1103503 | J23: 314468
A24: Erbringung von sonstigen wirtschaftlichen Dienst- leistungen | B24: 2340551 | C24: 497189 | D24: 103853 | E24: 340763 | F24: 342177 | G24: 356109 | H24: 177604 | I24: 266884 | J24: 255972

Sheet 9.4.1
A1: Link zum Inhaltsverzeichnis
A2: 9.4 Umsatzsteuer – Veranlagungen
A3: 9.4.1 Umsatzsteuerpflichtige, steuerbarer Umsatz und Umsatzsteuer 2021 nach Wirtschaftsgliederung, Größenklassen und
A4: Rechtsformen
A5: Merkmal | B5: Steuer- pflichtige | C5: Steuerbarer Umsatz aus Lieferungen und Leis- tungen 8) in 1.000 EUR | D5: Steuerbarer Umsatz innergemein- schaftlicher Erwerbe in 1.000 EUR | E5: Umsatz- steuer vor Abzug der Vorsteuer- beträge für Lieferungen und Leis- tungen in 1.000 EUR | F5: Abziehbare Vorsteuer- beträge ein- schl. Berich- tigung in 1.000 EUR | G5: Verbleiben- de Umsatz- steuer/Über- schuss in 1.000 EUR
A6: Insgesamt | B6: 102051 | C6: 54752010 | D6: 2010816 | E6: 6633299 | F6: 6039314 | G6: 1532421
A7: Wirtschaftsgliederung
A8: A Land- und Forstwirtschaft, Fischerei | B8: 4772 | C8: 3464544 | D8: 55839 | E8: 319692 | F8: 402485 | G8: -72022
A9: B Bergbau und Gewinnung von Steinen und Erden | B9: 32 | C9: 41639 | D9: 645 | E9: 6734 | F9: 5590 | G9: 1438
A10: C Verarbeitendes Gewerbe | B10: 4134 | C10: 9953320 | D10: 980066 | E10: 1021465 | F10: 1276839 | G10: 47628
A11: D Energieversorgung | B11: 8813 | C11: 2309807 | D11: 19803 | E11: 413752 | F11: 432341 | G11: 53636
A12: E Wasserversorgung; Abwasser- und Abfallentsorgung und Beseitigung von Umweltverschmutzungen | B12: 224 | C12: 779463 | D12: 15574 | E12: 107047 | F12: 108730 | G12: 12495
A13: F Baugewerbe | B13: 12141 | C13: 5750478 | D13: 68200 | E13: 824852 | F13: 678404 | G13: 339201
A14: G Handel; Instandhaltung und Reparatur von Kraftfahrzeugen | B14: 13475 | C14: 11839001 | D14: 574866 | E14: 1801928 | F14: 1610140 | G14: 335294
A15: H Verkehr und Lagerei | B15: 2491 | C15: 2189716 | D15: 6934 | E15: 329621 | F15: 239651 | G15: 110026
A16: I Gastgewerbe | B16: 8973 | C16: 2139510 | D16: 9951 | E16: 211640 | F16: 200085 | G16: 22784
A17: J Information und Kommunikation | B17: 2368 | C17: 1009176 | D17: 121476 | E17: 170423 | F17: 138243 | G17: 62975
A18: K Erbringung von Finanz- und Versicherungsdienstleistungen | B18: 1447 | C18: 1053545 | D18: 5428 | E18: 71085 | F18: 45189 | G18: 28035
A19: L Grundstücks- und Wohnungswesen | B19: 9133 | C19: 3690342 | D19: 30252 | E19: 309461 | F19: 261530 | G19: 94386
... A25: S Erbringung von sonstigen Dienstleistungen | B25: 5976 | C25: 549368 | D25: 14045 | E25: 71607 | F25: 39320 | G25: 35896
A26: Größenklassen der Lieferungen und Leistungen
A27: unter 22.001 EUR | B27: 42847 | C27: -74544 | D27: 7756 | E27: 25385 | F27: 114455 | G27: -60062
A28: 22.001 bis unter 50.000 EUR | B28: 13415 | C28: 461895 | D28: 4207 | E28: 62997 | F28: 51459 | G28: 14554
A29: 50.000 bis unter 100.000 EUR | B29: 11855 | C29: 849600 | D29: 7276 | E29: 118188 | F29: 85819 | G29: 40538
A30: 100.000 bis unter 250.000 EUR | B30: 13156 | C30: 2103227 | D30: 24546 | E30: 298537 | F30: 186705 | G30: 123858
A31: 250.000 bis unter 500.000 EUR | B31: 7818 | C31: 2780209 | D31: 36939 | E31: 376377 | F31: 256294 | G31: 137427
A32: 500.000 bis unter 1 Mill. EUR | B32: 5484 | C32: 3860463 | D32: 57435 | E32: 523096 | F32: 366087 | G32: 187408
A33: 1 Mill. bis unter 2 Mill. EUR | B33: 3463 | C33: 4848371 | D33: 82550 | E33: 668160 | F33: 510892 | G33: 206343
A34: 2 Mill. bis unter 5 Mill. EUR | B34: 2435 | C34: 7532434 | D34: 160502 | E34: 1015197 | F34: 836001 | G34: 270606
A35: 5 Mill. bis unter 10 Mill. EUR | B35: 870 | C35: 6026780 | D35: 137889 | E35: 809532 | F35: 688811 | G35: 207737
A36: 10 Mill. bis unter 25 Mill. EUR | B36: 458 | C36: 7020051 | D36: 221406 | E36: 845153 | F36: 775148 | G36: 185247
A37: 25 Mill. bis unter 50 Mill. EUR | B37: 142 | C37: 4979403 | D37: 304734 | E37: 573515 | F37: 550569 | G37: 147735
A38: 50 Mill. bis unter 100 Mill. EUR | B38: 63 | C38: 4224207 | D38: 201510 | E38: 417490 | F38: 412828 | G38: 85738
... A40: 250 Mill. EUR oder mehr | B40: 12 | C40: 5661936 | D40: 399752 | E40: 428559 | F40: 717227 | G40: -109495
A41: Rechtsformen
A42: Natürliche Personen, Einzelunternehmen | B42: 71052 | C42: 12711268 | D42: 201158 | E42: 1804643 | F42: 1304940 | G42: 595354
A43: Sonstige Einzelgewerbetreibende | B43: 49606 | C43: 9985892 | D43: 183198 | E43: 1503996 | F43: 1104863 | G43: 484305
A44: Angehörige der Freien Berufe | B44: 10303 | C44: 1174366 | D44: 2633 | E44: 120964 | F44: 37253 | G44: 85490
A45: Personengesellschaften | B45: 13662 | C45: 9641355 | D45: 297443 | E45: 1255520 | F45: 1198281 | G45: 176017
A46: Gesellschaften mit beschränkter Haftung & Co. KG | B46: 3378 | C46: 6817912 | D46: 257246 | E46: 921825 | F46: 924631 | G46: 92669
A47: Gesellschaften des bürgerlichen Rechts | B47: 7342 | C47: 1648130 | D47: 17450 | E47: 188240 | F47: 143680 | G47: 55271
A48: Kapitalgesellschaften | B48: 14929 | C48: 27868004 | D48: 1461528 | E48: 3380754 | F48: 3331966 | G48: 738013
A49: Aktiengesellschaften | B49: 96 | C49: 1032947 | D49: 79529 | E49: 107539 | F49: 145676 | G49: -4270
A50: Gesellschaften mit beschränkter Haftung | B50: 13213 | C50: 26597857 | D50: 1378636 | E50: 3238505 | F50: 3164454 | G50: 726502
A51: Unternehmergesellschaft (haftungsbeschränkt) | B51: 1617 | C51: 183688 | D51: 3356 | E51: 24663 | F51: 18670 | G51: 8748
A52: Übrige Rechtsformen | B52: 2408 | C52: 4531382 | D52: 50687 | E52: 192380 | F52: 204127 | G52: 23036
A53: Sonstige juristische Personen des privaten Rechts | B53: 1180 | C53: 1183487 | D53: 1150 | E53: 16545 | F53: 14063 | G53: 2851
... A55: Ausländische Kapitalgesellschaften | B55: 476 | C55: 411779 | D55: 29391 | E55: 61629 | F55: 72191 | G55: 17901

Sheet 9.5.1
A1: Link zum Inhaltsverzeichnis
A2: 9.5 Lohn- und Einkommensteuer
A3: 9.5.1 Lohn- und Einkommensteuerpflichtige 2022 nach Gesamtbetrag der Einkünfte
A4: Merkmal | B4: Steuer- pflichtige | C4: Gesamtbetrag der Einkünfte in 1.000 EUR | D4: Gesamtbetrag der Einkünfte je Steuerpflich- tiger/Steuer- pflichtigen in EUR | E4: Zu versteuerndes Einkommen in 1.000 EUR | F4: Festzusetzende Einkommen- steuer/Jahres- lohnsteuer 10) in 1.000 EUR
A5: Unbeschränkt Steuerpflichtige mit positivem Gesamtbetrag der Einkünfte | B5: 819476 | C5: 31614335 | D5: 38579 | E5: 25762780 | F5: 4672152
A6: nichtveranlagte Lohn- und Einkommensteuerpflichtige | B6: 261409 | C6: 5643698 | D6: 21590 | E6: 4680493 | F6: 692018
A7: veranlagte Lohn- und Einkommensteuerpflichtige | B7: 558067 | C7: 25970637 | D7: 46537 | E7: 21082287 | F7: 3980133
A8: nach der Grundtabelle Besteuerte | B8: 538730 | C8: 14990863 | D8: 27826 | E8: 12218878 | F8: 2148409
A9: nach der Splittingtabelle Besteuerte | B9: 280746 | C9: 16623472 | D9: 59212 | E9: 13543902 | F9: 2523743
A10: davon
A11: mit einem Einkommen | B11: 61893 | C11: 1832179 | D11: 29602 | E11: 1509080 | F11: 222810
A12: mit zwei Einkommen | B12: 218853 | C12: 14791293 | D12: 67586 | E12: 12034822 | F12: 2300933
A13: Gesamtbetrag der Einkünfte
A14: 0 bis unter 5.000 EUR | B14: 68310 | C14: 115702 | D14: 1693.7784 | E14: 77752 | F14: 2996
A15: 5.000 bis unter 10.000 EUR | B15: 37173 | C15: 281870 | D15: 7582.6541 | E15: 211429 | F15: 6550
A16: 10.000 bis unter 15.000 EUR | B16: 57904 | C16: 741233 | D16: 12801.067 | E16: 573739 | F16: 15813
A17: 15.000 bis unter 20.000 EUR | B17: 100223 | C17: 1754974 | D17: 17510.691 | E17: 1359126 | F17: 69734
A18: 20.000 bis unter 25.000 EUR | B18: 93400 | C18: 2100656 | D18: 22490.964 | E18: 1659135 | F18: 133048
A19: 25.000 bis unter 30.000 EUR | B19: 89971 | C19: 2469011 | D19: 27442.298 | E19: 1967143 | F19: 182430
A20: 30.000 bis unter 35.000 EUR | B20: 72406 | C20: 2343895 | D20: 32371.558 | E20: 1881917 | F20: 214730
A21: 35.000 bis unter 50.000 EUR | B21: 130201 | C21: 5404881 | D21: 41511.824 | E21: 4358959 | F21: 649678
A22: 50.000 bis unter 125.000 EUR | B22: 146624 | C22: 10665409 | D22: 72739.858 | E22: 8613578 | F22: 1737443
A23: 125.000 bis unter 250.000 EUR | B23: 17948 | C23: 2942050 | D23: 163920.77 | E23: 2462469 | F23: 738867
A24: 250.000 bis unter 500.000 EUR | B24: 3949 | C24: 1324235 | D24: 335334.26 | E24: 1188606 | F24: 406657
A25: 500.000 bis unter 1 Mill. EUR | B25: 1039 | C25: 689321 | D25: 663446.58 | E25: 645110 | F25: 235011
A26: 1 Mill. EUR oder mehr | B26: 328 | C26: 781096 | D26: 2381390.2 | E26: 763818 | F26: 279194
A27: Überwiegende Einkunftsart
A28: Land- und Forstwirtschaft | B28: 1338 | C28: 260909 | D28: 194999 | E28: 229733 | F28: 75872
A29: Gewerbebetrieb | B29: 30532 | C29: 3013172 | D29: 98689 | E29: 2663458 | F29: 638360
A30: Selbstständige Arbeit | B30: 11393 | C30: 1562015 | D30: 137103 | E30: 1321488 | F30: 436331
A31: Nichtselbstständige Arbeit | B31: 613060 | C31: 22828741 | D31: 37237 | E31: 18444920 | F31: 3297912
A32: Kapitalvermögen | B32: 709 | C32: 33864 | D32: 47763 | E32: 28242 | F32: 10501
A33: Vermietung und Verpachtung | B33: 4717 | C33: 254957 | D33: 54051 | E33: 216523 | F33: 60345
A34: sonstige Einkünfte | B34: 157727 | C34: 3663907 | D34: 23229 | E34: 2858416 | F34: 152830
A35: Unbeschränkt Steuerpflichtige mit negativem Gesamt- betrag der Einkünfte (Verlustfälle) | B35: 2718 | C35: -39748 | D35: -14624 | E35: -11040 | F35: 294
A36: Beschränkt Steuerpflichtige | B36: 1016 | C36: 19931 | D36: 19617 | E36: 18044 | F36: 4966
A38: Grafik 9.7 | H38: Daten der Grafik 9.7 "Lohn- und Einkommensteuerpflichtige 2022 nach Art der überwiegenden Einkünfte"
H39: Art der überwiegenden Einkünfte | I39: Steuerpflichtige (Insgesamt = 100 %)
H40: Land- und Forstwirtschaft | I40: =B28*100/$B$5 -> 0.16327507
H41: Gewerbebetrieb | I41: =B29*100/$B$5 -> 3.7257955
H42: Selbstständige Arbeit | I42: =B30*100/$B$5 -> 1.3902787
H43: Nichtselbstständige Arbeit | I43: =B31*100/$B$5 -> 74.811221
H44: Kapitalvermögen | I44: =B32*100/$B$5 -> 0.086518702
H45: Vermietung und Verpachtung | I45: =B33*100/$B$5 -> 0.57561173
H46: Sonstige Einkünfte | I46: =B34*100/$B$5 -> 19.247299

Sheet 9.6.1
A1: Link zum Inhaltsverzeichnis
A2: 9.6 Personengesellschaften und Gemeinschaften
A3: 9.6.1 Personengesellschaften und Gemeinschaften 2021 nach Einkunftsarten und Verlustfällen
A4: Merkmal | B4: Einheit | C4: Einkünfte insge- samt 11) | D4: Verlustfälle von weniger als ‑500.000 EUR | E4: Verlustfälle von ‑500.000 bis unter ‑250.000 EUR | F4: Verlustfälle von ‑250.000 bis unter ‑100.000 EUR | G4: Verlustfälle von ‑100.000 bis unter ‑50.000 EUR | H4: Verlustfälle von ‑50.000 bis unter ‑25.000 EUR | I4: Verlustfälle von ‑25.000 bis unter ‑10.000 EUR | J4: Verlustfälle von ‑10.000 bis unter 0 EUR
A5: Summe der Einkünfte 11) | B5: Anzahl | C5: 3964 | D5: 56 | E5: 63 | F5: 193 | G5: 207 | H5: 290 | I5: 529 | J5: 2626
A6: Summe der Einkünfte 11) | B6: 1.000 EUR | C6: -203950 | D6: -111962 | E6: -21823 | F6: -29016 | G6: -14744 | H6: -10072 | I6: -8612 | J6: -7722
A7: Einkünfte aus…
A8: Land- und Forst- wirtschaft | B8: Anzahl | C8: 251 | D8: 6 | E8: 10 | F8: 26 | G8: 24 | H8: 33 | I8: 36 | J8: 116
A9: Land- und Forst- wirtschaft | B9: 1.000 EUR | C9: -15813 | D9: -4559 | E9: -3569 | F9: -3841 | G9: -1763 | H9: -1112 | I9: -582 | J9: -388
A10: Gewerbe- betrieb 12) | B10: Anzahl | C10: 2133 | D10: 47 | E10: 46 | F10: 133 | G10: 137 | H10: 177 | I10: 271 | J10: 1322
A11: Gewerbe- betrieb 12) | B11: 1.000 EUR | C11: -162726 | D11: -105305 | E11: -14682 | F11: -19430 | G11: -9314 | H11: -6022 | I11: -4255 | J11: -3717
A12: selbstständiger Arbeit | B12: Anzahl | C12: 124 | D12: . | E12: 6 | F12: . | G12: 12 | H12: 11 | I12: 18 | J12: 67
A13: selbstständiger Arbeit | B13: 1.000 EUR | C13: -5833 | D13: . | E13: -1710 | F13: . | G13: -964 | H13: -415 | I13: -296 | J13: -181
A14: Kapital- vermögen | B14: Anzahl | C14: 36 | D14: - | E14: - | F14: . | G14: . | H14: . | I14: 10 | J14: 21
A15: Kapital- vermögen | B15: 1.000 EUR | C15: 22 | D15: - | E15: - | F15: . | G15: . | H15: . | I15: 11 | J15: 10
A16: Vermietung und Verpachtung | B16: Anzahl | C16: 1510 | D16: . | E16: 5 | F16: . | G16: 41 | H16: 74 | I16: . | J16: 1148
A17: Vermietung und Verpachtung | B17: 1.000 EUR | C17: -19483 | D17: -1474 | E17: -1862 | F17: . | G17: -2646 | H17: -2487 | I17: . | J17: -3424
A18: sonstigen Einkünften | B18: Anzahl | C18: 13 | D18: - | E18: - | F18: - | G18: . | H18: . | I18: . | J18: 5
A19: sonstigen Einkünften | B19: 1.000 EUR | C19: -117 | D19: - | E19: - | F19: - | G19: . | H19: . | I19: . | J19: -21
A20: Anzahl der Beteiligten | B20: Anzahl | C20: 22151 | D20: 5597 | E20: 169 | F20: 791 | G20: 577 | H20: 761 | I20: 1408 | J20: 12848

Sheet 9.6.2
A1: Link zum Inhaltsverzeichnis
A2: 9.6 Personengesellschaften und Gemeinschaften
A3: 9.6.2 Personengesellschaften und Gemeinschaften 2021 nach Einkunftsarten und Gewinnfällen
A4: Merkmal | B4: Einheit | C4: Einkünfte insge- samt 11) | D4: Gewinn- fälle von 0 bis unter 2.500 EUR | E4: Gewinn- fälle von 2.500 bis unter 5.000 EUR | F4: Gewinn- fälle von 5.000 bis unter 10.000 EUR | G4: Gewinn- fälle von 10.000 bis unter 15.000 EUR | H4: Gewinn- fälle von 15.000 bis unter 25.000 EUR | I4: Gewinn- fälle von 25.000 bis unter 50.000 EUR | J4: Gewinn- fälle von 50.000 bis unter 100.000 EUR | K4: Gewinn- fälle von 100.000 bis unter 250.000 EUR | L4: Gewinn- fälle von 250.000 bis unter 1 Mill. EUR | M4: Gewinn- fälle von 1 Mill. bis unter 5 Mill. EUR | N4: Gewinn- fälle von 5 Mill. EUR und mehr
A5: Summe der Einkünfte 11) | B5: Anzahl | C5: 14354 | D5: 2832 | E5: 1584 | F5: 1632 | G5: 913 | H5: 1193 | I5: 1489 | J5: 1480 | K5: 1610 | L5: 1368 | M5: 224 | N5: 29
A6: Summe der Einkünfte 11) | B6: 1.000 EUR | C6: 1997180 | D6: 3073 | E6: 5689 | F6: 11738 | G6: 11198 | H6: 23459 | I6: 53398 | J6: 105499 | K6: 257853 | L6: 626798 | M6: 415421 | N6: 483054
A7: Einkünfte aus…
A8: Land- und Forst- wirtschaft | B8: Anzahl | C8: 816 | D8: . | E8: 29 | F8: 50 | G8: . | H8: 60 | I8: 96 | J8: 131 | K8: 138 | L8: . | M8: 17 | N8: -
A9: Land- und Forst- wirtschaft | B9: 1.000 EUR | C9: 133315 | D9: . | E9: 91 | F9: 340 | G9: . | H9: 1162 | I9: 3430 | J9: 9495 | K9: 22111 | L9: . | M9: 27711 | N9: -
A10: Gewerbe- betrieb 12) | B10: Anzahl | C10: 6000 | D10: 713 | E10: 260 | F10: 379 | G10: 273 | H10: 496 | I10: 787 | J10: 993 | K10: 1074 | L10: 817 | M10: 179 | N10: 29
A11: Gewerbe- betrieb 12) | B11: 1.000 EUR | C11: 1468706 | D11: 488 | E11: 919 | F11: 2682 | G11: 3353 | H11: 9755 | I11: 28225 | J11: 69169 | K11: 168470 | L11: 367398 | M11: 335193 | N11: 483054
A12: selbstständiger Arbeit | B12: Anzahl | C12: 974 | D12: 59 | E12: 15 | F12: 27 | G12: 18 | H12: 21 | I12: 55 | J12: 105 | K12: 280 | L12: 369 | M12: 25 | N12: -
A13: selbstständiger Arbeit | B13: 1.000 EUR | C13: 272412 | D13: 29 | E13: 57 | F13: 198 | G13: 216 | H13: 415 | I13: 2073 | J13: 7782 | K13: 47697 | L13: 173610 | M13: 40335 | N13: -
A14: Kapital- vermögen | B14: Anzahl | C14: 253 | D14: 61 | E14: 26 | F14: 40 | G14: 12 | H14: 23 | I14: 22 | J14: 18 | K14: 25 | L14: . | M14: . | N14: -
A15: Kapital- vermögen | B15: 1.000 EUR | C15: 4005 | D15: 24 | E15: 26 | F15: 75 | G15: 26 | H15: 65 | I15: 245 | J15: 149 | K15: 609 | L15: . | M15: . | N15: -
A16: Vermietung und Verpachtung | B16: Anzahl | C16: 6658 | D16: 1943 | E16: 1282 | F16: 1192 | G16: 581 | H16: 623 | I16: 569 | J16: 284 | K16: 136 | L16: 42 | M16: 6 | N16: -
A17: Vermietung und Verpachtung | B17: 1.000 EUR | C17: 107117 | D17: 2472 | E17: 4590 | F17: 8404 | G17: 7070 | H17: 11954 | I17: 19108 | J17: 18484 | K17: 17613 | L17: 13602 | M17: 3819 | N17: -
A18: sonstigen Einkünften | B18: Anzahl | C18: 75 | D18: 5 | E18: 3 | F18: 11 | G18: . | H18: 11 | I18: 14 | J18: 8 | K18: 10 | L18: . | M18: . | N18: -
A19: sonstigen Einkünften | B19: 1.000 EUR | C19: 11625 | D19: 3 | E19: 6 | F19: 38 | G19: . | H19: 108 | I19: 318 | J19: 420 | K19: 1352 | L19: . | M19: . | N19: -
A20: Anzahl der Beteiligten | B20: Anzahl | C20: 45220 | D20: 8525 | E20: 5150 | F20: 4659 | G20: 2455 | H20: 3159 | I20: 3740 | J20: 3807 | K20: 4273 | L20: 6227 | M20: 2510 | N20: 715

Sheet 9.7.1
A1: Link zum Inhaltsverzeichnis
A2: 9.7 Körperschaftsteuer
A3: 9.7.1 Körperschaftsteuerpflichtige 2021 nach Gesamtbetrag der Einkünfte
A4: Merkmal | B4: Steuer- pflichtige 13) | C4: Gesamtbetrag der Einkünfte in 1.000 EUR | D4: Zu versteuerndes Einkommen in 1.000 EUR | E4: Festgesetzte Körperschaft- steuer in 1.000 EUR | F4: Verbleibender Verlustvortrag zum 31.12. des Berichtsjahres in 1.000 EUR
A5: Unbeschränkt Steuerpflichtige insgesamt | B5: 18593 | C5: 1720841 | D5: 1450966 | E5: 324447 | F5: 11002945
A6: unbeschränkt Steuerpflichtige mit negativem Gesamt- betrag der Einkünfte (= Verlustfälle) | B6: 6017 | C6: -773063 | D6: -713871 | E6: 113 | F6: 7142670
A7: unbeschränkt Steuerpflichtige mit positivem Gesamt- betrag der Einkünfte (= Gewinnfälle) | B7: 12576 | C7: 2493904 | D7: 2164837 | E7: 324334 | F7: 3860275
A8: Gesamtbetrag der Einkünfte
A9: Verlustfälle
A10: weniger als -5 Mill. EUR | B10: 20 | C10: -363994 | D10: -312396 | E10: 69 | F10: 3457263
A11: -5 Mill. bis unter -1 Mill. EUR | B11: 78 | C11: -158603 | D11: -152146 | E11: 32 | F11: 937061
A12: -1 Mill. bis unter -500.000 EUR | B12: 97 | C12: -67473 | D12: -66604 | E12: 3 | F12: 487786
A13: -500.000 bis unter -100.000 EUR | B13: 502 | C13: -105429 | D13: -105231 | E13: 1 | F13: 529859
A14: -100.000 bis unter -50.000 EUR | B14: 446 | C14: -31052 | D14: -31052 | E14: - | F14: 898705
A15: -50.000 bis unter -25.000 EUR | B15: 616 | C15: -21776 | D15: -21776 | E15: - | F15: 151283
A16: -25.000 bis unter -15.000 EUR | B16: 539 | C16: -10627 | D16: -10627 | E16: - | F16: 248528
A17: -15.000 bis unter -10.000 EUR | B17: 415 | C17: -5187 | D17: -5117 | E17: 8 | F17: 67302
A18: -10.000 bis unter -5.000 EUR | B18: 637 | C18: -4587 | D18: -4587 | E18: - | F18: 99863
A19: -5.000 bis unter 0 EUR | B19: 2667 | C19: -4334 | D19: -4334 | E19: - | F19: 265021
A20: Gewinnfälle
A21: 0 | B21: 1608 | C21: - | D21: - | E21: - | F21: 936679
A22: 1 bis unter 5.000 | B22: 2725 | C22: 4776 | D22: 2797 | E22: 419 | F22: 776247
A23: 5.000 bis unter 10.000 | B23: 823 | C23: 5890 | D23: 3200 | E23: 480 | F23: 29251
A24: 10.000 bis unter 15.000 | B24: 582 | C24: 7149 | D24: 4294 | E24: 644 | F24: 20696
A25: 15.000 bis unter 25.000 | B25: 898 | C25: 17502 | D25: 10841 | E25: 1626 | F25: 75100
A26: 25.000 bis unter 50.000 | B26: 1382 | C26: 50107 | D26: 34978 | E26: 5245 | F26: 88270
A27: 50.000 bis unter 100.000 | B27: 1421 | C27: 101673 | D27: 77447 | E27: 11607 | F27: 111504
A28: 100.000 bis unter 500.000 | B28: 2282 | C28: 511433 | D28: 432524 | E28: 64811 | F28: 366350
A29: 500.000 bis unter 1 Mill. | B29: 461 | C29: 317836 | D29: 271258 | E29: 40688 | F29: 611982
A30: 1 Mill. bis unter 5 Mill. | B30: 340 | C30: 683188 | D30: 622227 | E30: 93287 | F30: 349725
A31: 5 Mill. oder mehr | B31: 54 | C31: 794349 | D31: 705271 | E31: 105527 | F31: 494472
A32: Rechtsformen
A33: Kapitalgesellschaften | B33: 17228 | C33: 1524855 | D33: 1285913 | E33: 289303 | F33: 9834336
A34: darunter
A35: Aktiengesellschaften | B35: 95 | C35: 65419 | D35: 57542 | E35: 10426 | F35: 200610
A36: Gesellschaften mit beschränkter Haftung | B36: 15307 | C36: 1443386 | D36: 1216900 | E36: 275596 | F36: 9610762
A37: Erwerbs- und Wirtschaftsgenossenschaften | B37: 247 | C37: 72954 | D37: 53135 | E37: 8904 | F37: 294516
A38: Betriebe gewerblicher Art von Körperschaften des öffentlichen Rechts | B38: - | C38: - | D38: - | E38: - | F38: -
A39: sonstige Rechtsformen | B39: 1066 | C39: 97478 | D39: 88010 | E39: 21380 | F39: 861307
A40: sonstige juristische Personen des privaten Rechts | B40: 608 | C40: 1010 | D40: 168 | E40: 209 | F40: 21750
A41: ausländische Rechtsformen | B41: 52 | C41: 25554 | D41: 23908 | E41: 4860 | F41: 12786
A42: Beschränkt Steuerpflichtige | B42: 168 | C42: 166833 | D42: 150062 | E42: 25692 | F42: 89784
A43: Befreite/partiell Steuerpflichtige | B43: 557 | C43: 8366 | D43: 6342 | E43: 1347 | F43: 41823

Sheet 9.8.1
A1: Link zum Inhaltsverzeichnis
A2: 9.8 Gewerbesteuer
A3: 9.8.1 Gewerbesteuerpflichtige mit einem Steuermessbetrag = 0 und Besteuerungsgrundlagen 2021 nach Wirtschaftsgliederung
A4: und Rechtsformen
A5: Merkmal | B5: Steuer- pflichtige Gewerbe- betriebe 14) | C5: Gewinn in 1.000 EUR | D5: Verlust in 1.000 EUR | E5: Verlust- verbrauch in 1.000 EUR | F5: Abge- rundeter Gewerbe- ertrag in 1.000 EUR | G5: Frei- betrag in 1.000 EUR | H5: Steuer- mess- betrag in 1.000 EUR
A6: Gewerbeertrag mit Steuermessbetrag von Null | B6: 44979 | C6: 549827 | D6: -959699 | E6: 172108 | F6: -741782 | G6: 192454 | H6: -
A7: mit negativem Gewerbeertrag | B7: 16935 | C7: 79993 | D7: -942366 | E7: 12 | F7: -934279 | G7: - | H7: -
A8: ohne Gewerbeertrag | B8: 9496 | C8: 257702 | D8: -16765 | E8: 160509 | F8: - | G8: - | H8: -
A9: mit positivem Gewerbeertrag | B9: 18548 | C9: 212131 | D9: -568 | E9: 11586 | F9: 192497 | G9: 192454 | H9: -
A10: Wirtschaftsgliederung
A11: A Land- und Forstwirtschaft, Fischerei | B11: 988 | C11: 26328 | D11: -51374 | E11: 24194 | F11: -47395 | G11: 2148 | H11: -
A12: B Bergbau und Gewinnung von Steinen und Erden | B12: 21 | C12: 170 | D12: -1698 | E12: 148 | F12: -1696 | G12: 21 | H12: -
A13: C Verarbeitendes Gewerbe | B13: 2237 | C13: 33541 | D13: -182586 | E13: 25993 | F13: -172843 | G13: 6903 | H13: -
A14: D Energieversorgung | B14: 3527 | C14: 20405 | D14: -68915 | E14: 14115 | F14: -59394 | G14: 5932 | H14: -
A15: E Wasserversorgung; Abwasser- und Abfallentsorgung und Beseitigung von Umweltverschmutzungen | B15: 89 | C15: 2138 | D15: -149362 | E15: 1773 | F15: -149429 | G15: 269 | H15: -
A16: F Baugewerbe | B16: 5454 | C16: 55531 | D16: -47196 | E16: 12710 | F16: -8282 | G16: 40213 | H16: -
A17: G Handel; Instandhaltung und Reparatur von Kraft- fahrzeugen | B17: 7340 | C17: 56911 | D17: -46483 | E17: 18747 | F17: -12808 | G17: 33257 | H17: -
A18: H Verkehr und Lagerei | B18: 1139 | C18: 15408 | D18: -85253 | E18: 6608 | F18: -75738 | G18: 6706 | H18: -
A19: I Gastgewerbe | B19: 3310 | C19: 32951 | D19: -33849 | E19: 15789 | F19: -10775 | G19: 17202 | H19: -
A20: J Information und Kommunikation | B20: 1211 | C20: 6901 | D20: -34844 | E20: 2911 | F20: -30544 | G20: 3617 | H20: -
A21: K Erbringung von Finanz- und Versicherungsdienst- leistungen | B21: 1618 | C21: 45436 | D21: -24381 | E21: 3069 | F21: -16469 | G21: 6584 | H21: -
A22: L Grundstücks- und Wohnungswesen | B22: 2980 | C22: 118958 | D22: -53525 | E22: 20546 | F22: -40028 | G22: 7924 | H22: -
... A28: S Erbringung von sonstigen Dienstleistungen | B28: 3792 | C28: 25842 | D28: -18642 | E28: 3581 | F28: 1781 | G28: 20549 | H28: -
A29: Rechtsformen
A30: Natürliche Personen, Einzelunternehmen | B30: 29964 | C30: 217483 | D30: -68994 | E30: 31737 | F30: 110706 | G30: 180148 | H30: -
A31: Personengesellschaften | B31: 3702 | C31: 91210 | D31: -163898 | E31: 35131 | F31: -139297 | G31: 11992 | H31: -
A32: Kapitalgesellschaften | B32: 10407 | C32: 208661 | D32: -688265 | E32: 91061 | F32: -675628 | G32: 5 | H32: -
A33: Erwerbs- und Wirtschaftsgenossenschaften | B33: 189 | C33: 24454 | D33: -6561 | E33: 10661 | F33: -6225 | G33: 7 | H33: -
A34: Sonstige Rechtsformen | B34: 717 | C34: 8019 | D34: -31980 | E34: 3518 | F34: -31338 | G34: 302 | H34: -

Sheet 9.8.2
A1: Link zum Inhaltsverzeichnis
A2: 9.8 Gewerbesteuer
A3: 9.8.2 Gewerbesteuerpflichtige mit einem positiven Steuermessbetrag und Besteuerungsgrundlagen 2021 nach Wirtschaftsgliederung,
A4: Größenklassen und Rechtsformen
A5: Merkmal | B5: Steuer- pflichtige Gewerbe- betriebe 14) | C5: Gewinn in 1.000 EUR | D5: Verlust in 1.000 EUR | E5: Verlust- verbrauch in 1.000 EUR | F5: Abge- rundeter Gewerbe- ertrag in 1.000 EUR | G5: Frei- betrag in 1.000 EUR | H5: Steuer- mess- betrag in 1.000 EUR
A6: Gewerbeertrag mit positivem Steuermessbetrag
A7: mit negativem Gewerbeertrag | B7: - | C7: - | D7: - | E7: - | F7: - | G7: - | H7: -
A8: ohne Gewerbeertrag | B8: - | C8: - | D8: - | E8: - | F8: - | G8: - | H8: -
A9: mit positivem Gewerbeertrag | B9: 28756 | C9: 5043933 | D9: -19594 | E9: 134889 | F9: 4970714 | G9: 534434 | H9: 155254
A10: Wirtschaftsgliederung
A11: A Land- und Forstwirtschaft, Fischerei | B11: 606 | C11: 123337 | D11: -697 | E11: 6016 | F11: 125110 | G11: 6557 | H11: 4149
A12: B Bergbau und Gewinnung von Steinen und Erden | B12: 17 | C12: 7139 | D12: - | E12: 102 | F12: 4635 | G12: 147 | H12: 157
A13: C Verarbeitendes Gewerbe | B13: 1734 | C13: 708732 | D13: -13 | E13: 23537 | F13: 692213 | G13: 26215 | H13: 23309
A14: D Energieversorgung | B14: 685 | C14: 237636 | D14: -263 | E14: 5932 | F14: 273289 | G14: 12771 | H14: 9118
A15: E Wasserversorgung; Abwasser- und Abfallentsorgung und Beseitigung von Umweltverschmutzungen | B15: 140 | C15: 116269 | D15: - | E15: 12666 | F15: 103065 | G15: 1159 | H15: 3567
A16: F Baugewerbe | B16: 6185 | C16: 674281 | D16: - | E16: 6788 | F16: 663495 | G16: 120638 | H16: 18998
A17: G Handel; Instandhaltung und Reparatur von Kraft- fahrzeugen | B17: 5200 | C17: 841828 | D17: -47 | E17: 7424 | F17: 803187 | G17: 103082 | H17: 24502
A18: H Verkehr und Lagerei | B18: 1147 | C18: 147900 | D18: -518 | E18: 3785 | F18: 159455 | G18: 22350 | H18: 4798
A19: I Gastgewerbe | B19: 3000 | C19: 402763 | D19: -3029 | E19: 17679 | F19: 391313 | G19: 62751 | H19: 11499
A20: J Information und Kommunikation | B20: 624 | C20: 220617 | D20: -151 | E20: 4069 | F20: 213995 | G20: 9173 | H20: 7169
A21: K Erbringung von Finanz- und Versicherungsdienst- leistungen | B21: 1726 | C21: 366087 | D21: -3021 | E21: 2805 | F21: 362899 | G21: 36976 | H21: 11400
A22: L Grundstücks- und Wohnungswesen | B22: 1449 | C22: 360523 | D22: -1369 | E22: 27655 | F22: 314344 | G22: 23610 | H22: 10175
A23: M Erbringung von freiberuflichen, wissenschaftlichen und technischen Dienstleistungen | B23: 1793 | C23: 235787 | D23: -10487 | E23: 4519 | F23: 320755 | G23: 22678 | H23: 10432
A24: N Erbringung von sonstigen wirtschaftlichen Dienst- leistungen | B24: 2467 | C24: 368717 | D24: - | E24: 5685 | F24: 361766 | G24: 49589 | H24: 10925
A25: P Erziehung und Unterricht | B25: 148 | C25: 11873 | D25: - | E25: 247 | F25: 11213 | G25: 2221 | H25: 315
A26: Q Gesundheits- und Sozialwesen | B26: 305 | C26: 107384 | D26: - | E26: 2312 | F26: 60792 | G26: 3817 | H26: 1994
A27: R Kunst, Unterhaltung und Erholung | B27: 435 | C27: 42190 | D27: - | E27: 2990 | F27: 38970 | G27: 7604 | H27: 1098
A28: S Erbringung von sonstigen Dienstleistungen | B28: 1095 | C28: 70870 | D28: - | E28: 679 | F28: 70217 | G28: 23100 | H28: 1648
A29: Größenklassen des Gewerbeertrages
A30: unter 5.000 | B30: 757 | C30: 7443 | D30: -20 | E30: 2648 | F30: 1637 | G30: - | H30: 57
A31: 5.000 bis unter 10.000 EUR | B31: 469 | C31: 6678 | D31: -3 | E31: 1859 | F31: 3406 | G31: 215 | H31: 112
A32: 10.000 bis unter 15.000 EUR | B32: 400 | C32: 8324 | D32: -4 | E32: 3377 | F32: 4895 | G32: 170 | H32: 165
A33: 15.000 bis unter 24.500 EUR | B33: 610 | C33: 16616 | D33: -152 | E33: 3976 | F33: 11831 | G33: 180 | H33: 408
A34: 24.500 bis unter 50.000 EUR | B34: 10663 | C34: 404076 | D34: -147 | E34: 9271 | F34: 379269 | G34: 234852 | H34: 5051
A35: 50.000 bis unter 100.000 EUR | B35: 7609 | C35: 550792 | D35: -1951 | E35: 11153 | F35: 531139 | G35: 159905 | H35: 12990
A36: 100.000 bis unter 500.000 EUR | B36: 6948 | C36: 1508053 | D36: -2080 | E36: 33309 | F36: 1401606 | G36: 124513 | H36: 44690
A37: 500.000 bis unter 1 Mill. EUR | B37: 763 | C37: 535753 | D37: -77 | E37: 11034 | F37: 515181 | G37: 9620 | H37: 17694
A38: 1 Mill. bis unter 5 Mill. EUR | B38: 465 | C38: 931986 | D38: -10139 | E38: 43982 | F38: 893951 | G38: 4293 | H38: 31138
A39: 5 Mill. EUR oder mehr | B39: 72 | C39: 1074212 | D39: -5022 | E39: 14281 | F39: 1227800 | G39: 687 | H39: 42949
A40: Rechtsformen
A41: Natürliche Personen, Einzelunternehmen | B41: 18429 | C41: 1567798 | D41: - | E41: 5083 | F41: 1555569 | G41: 451511 | H41: 38635
A42: Personengesellschaften | B42: 3334 | C42: 1388432 | D42: -7508 | E42: 22076 | F42: 1324852 | G42: 81673 | H42: 43504
A43: Kapitalgesellschaften | B43: 6652 | C43: 1813925 | D43: -11878 | E43: 102592 | F43: 1820654 | G43: 195 | H43: 63714
A44: Erwerbs- und Wirtschaftsgenossenschaften | B44: 103 | C44: 54284 | D44: -134 | E44: 2897 | F44: 52831 | G44: 65 | H44: 1847
A45: Sonstige Rechtsformen | B45: 238 | C45: 219496 | D45: -74 | E45: 2240 | F45: 216808 | G45: 990 | H45: 7554

Sheet 9.9.1+9.9.2
A1: Link zum Inhaltsverzeichnis
A2: 9.9 Erbschaft- und Schenkungsteuer
A3: 9.9.1 Steuerfälle, steuerpflichtiger Erwerb und festgesetzte Steuer im Zeitvergleich
A4: Merkmal | B4: Einheit | C4: 2010 | D4: 2015 | E4: 2020 | F4: 2023 | G4: 2024 | H4: 2025
A5: Insgesamt 15) | B5: Anzahl der Fälle | C5: 951 | D5: 912 | E5: 1283 | F5: 1279 | G5: 1046 | H5: 1157
A6: Insgesamt 16) | B6: Steuerpflichtiger Erwerb in 1.000 EUR | C6: 43591 | D6: 60125 | E6: 153422 | F6: 142903 | G6: 99071 | H6: 233117
A7: Insgesamt 16) | B7: Festgesetzte Steuer in 1.000 EUR | C7: 6749 | D7: 11924 | E7: 23459 | F7: 29965 | G7: 18868 | H7: 37444
A8: Erwerb von Todes wegen | B8: Anzahl der Fälle | C8: 751 | D8: 769 | E8: 1030 | F8: 1016 | G8: 842 | H8: 837
A9: Erwerb von Todes wegen | B9: Steuerpflichtiger Erwerb in 1.000 EUR | C9: 28034 | D9: 47879 | E9: 83547 | F9: 83723 | G9: 71580 | H9: 106468
A10: Erwerb von Todes wegen | B10: Festgesetzte Steuer in 1.000 EUR | C10: 5195 | D10: 10098 | E10: 18672 | F10: 18003 | G10: 14899 | H10: 21730
A11: Schenkungen | B11: Anzahl der Fälle | C11: 200 | D11: 143 | E11: 253 | F11: 263 | G11: 204 | H11: 320
A12: Schenkungen | B12: Steuerpflichtiger Erwerb in 1.000 EUR | C12: 15557 | D12: 12246 | E12: 69875 | F12: 59180 | G12: 27491 | H12: 126649
A13: Schenkungen | B13: Festgesetzte Steuer in 1.000 EUR | C13: 1554 | D13: 1826 | E13: 4786 | F13: 11962 | G13: 3969 | H13: 15713
A16: 9.9.2 Nachlassgegenstände, Nachlassverbindlichkeiten und Reinnachlass 2025 nach Höhe des Reinnachlasses 16)
A17: Reinnachlass von ... bis unter ... EUR 17) | B17: Nachlassgegenstände Vermögensarten... | C17: …land- und forstwirt- schaftliches Vermögen | D17: ...Grund- vermögen | E17: ...Betriebs- vermögen | F17: ..übriges Vermögen | G17: Nachlass- verbindlich- keiten | H17: Rein- nachlass
A18: Anzahl 18) | B18: 551 | C18: 85 | D18: 280 | E18: 32 | F18: 536 | G18: 528 | H18: 553
A19: unter 5.000 EUR | B19: 13 | C19: - | D19: . | E19: . | F19: 13 | G19: 14 | H19: 15
A20: 5.000 bis unter 10.000 EUR | B20: 4 | C20: . | D20: . | E20: - | F20: 3 | G20: . | H20: .
A21: 10.000 bis unter 50.000 EUR | B21: 96 | C21: . | D21: 23 | E21: . | F21: 91 | G21: 95 | H21: 96
A22: 50.000 bis unter 100.000 EUR | B22: 109 | C22: 8 | D22: 43 | E22: . | F22: . | G22: 108 | H22: 109
A23: 100.000 bis unter 200.000 EUR | B23: 134 | C23: 23 | D23: 73 | E23: - | F23: 134 | G23: 125 | H23: 134
A24: 200.000 bis unter 300.000 EUR | B24: 56 | C24: 12 | D24: 33 | E24: 4 | F24: 54 | G24: 55 | H24: 56
A25: 300.000 bis unter 500.000 EUR | B25: 51 | C25: . | D25: 38 | E25: . | F25: 51 | G25: 46 | H25: 51
A26: 500.000 bis unter 2,5 Mill EUR | B26: 79 | C26: 19 | D26: 60 | E26: 18 | F26: 76 | G26: 74 | H26: 79
A27: 2,5 Mill. bis unter 5 Mill. EUR | B27: . | C27: . | D27: . | E27: . | F27: 7 | G27: 5 | H27: 7
A28: 5 Mill. EUR oder mehr | B28: . | C28: - | D28: . | E28: . | F28: . | G28: . | H28: .
A29: Insgesamt in 1.000 EUR | B29: 198299 | C29: 4393 | D29: 65627 | E29: 11634 | F29: 116645 | G29: 27541 | H29: 170758
A30: unter 5.000 EUR | B30: 336 | C30: - | D30: . | E30: . | F30: 325 | G30: 366 | H30: -30
A31: 5.000 bis unter 10.000 EUR | B31: 148 | C31: . | D31: . | E31: - | F31: 128 | G31: . | H31: .
A32: 10.000 bis unter 50.000 EUR | B32: 5663 | C32: 154 | D32: 1348 | E32: . | F32: 4153 | G32: 2473 | H32: 3190
A33: 50.000 bis unter 100.000 EUR | B33: 10107 | C33: 96 | D33: 2745 | E33: . | F33: . | G33: 2084 | H33: 8022
A34: 100.000 bis unter 200.000 EUR | B34: 22647 | C34: 303 | D34: 8065 | E34: - | F34: 14280 | G34: 3158 | H34: 19490
A35: 200.000 bis unter 300.000 EUR | B35: 17067 | C35: 573 | D35: 5267 | E35: 29 | F35: 11199 | G35: 3827 | H35: 13240
A36: 300.000 bis unter 500.000 EUR | B36: 22154 | C36: . | D36: 9155 | E36: . | F36: 12251 | G36: 2273 | H36: 19881
A37: 500.000 bis unter 2,5 Mill EUR | B37: 77234 | C37: 3161 | D37: 29033 | E37: 5853 | F37: 39187 | G37: 9313 | H37: 67920
A38: 2,5 Mill. bis unter 5 Mill. EUR | B38: . | C38: . | D38: . | E38: . | F38: 15973 | G38: 2070 | H38: 22543
A39: 5 Mill. EUR oder mehr | B39: . | C39: - | D39: . | E39: . | F39: . | G39: . | H39: .

Sheet Fußnotenerläuterungen
A1: Link zum Inhaltsverzeichnis
A2: Fußnotenerläuterungen
A3: 1) | B3: Ab 2007: Nettoausweisung der Gemeinschaftsteuern.
A4: 2) | B4: Ab 2005: Ohne Einfuhrumsatzsteuer.
A5: 3) | B5: 1995 und 2005: Vor Abzug von Kindergeld (Familienkassen- und steuerliches Kindergeld).
A6: 4) | B6: 1995 und 2005: Vor Abzug von Erstattungen (Bundesamt für Finanzen, Bonn).
A7: 5) | B7: Bis 2007: Nur Zinsabschlag.
A8: 6) | B8: Nach dem Bevölkerungsstand vom 30.06.2025 im Gebiet vom 31.12.2025.
A9: 7) | B9: Bis 2001: Mit Lieferungen und Leistungen größer als 16.617 EUR; 2002: Mit Lieferungen und Leistungen größer als 16.620 EUR; ab 2003 bis 2019: Mit Lieferungen und Leistungen größer als 17.500 EUR; ab 2020: Mit Lieferungen und Leistungen größer als 22.000 EUR.
A10: 8) | B10: Ohne Umsatzsteuer/bei Veranlagungen Ausgangsumsatz.
A11: 9) | B11: Mit Lieferungen und Leistungen größer als 22.000 EUR.
A12: 10) | B12: Für Fälle ohne Einkommensteuerveranlagung: Einbehaltene Lohnsteuer.
A13: 11) | B13: Fallzahlen der Einkunftsarten nicht addierbar.
A14: 12) | B14: Einschließlich Einkommen der Organgesellschaften.
... A20: 18) | B20: Die summierte Anzahl der Fälle der Vermögensarten kann größer sein als die Anzahl der Fälle beim Gesamtwert der Nachlassgegenstände.

Sheet Methodik
A1: Link zum Inhaltsverzeichnis
A2: Methodik
A3: Erhoben werden die Daten von den Finanzämtern. Es handelt sich somit bei allen Steuerstatistiken um Sekundärstatistiken.
A4: Zu den kassenmäßigen Steuereinnahmen zählen vor der Steuerverteilung die Gemeinschaftsteuern, die Landessteuern und die Gemeinde- steuern. Das Aufkommen der Gemeinschaftsteuern steht gemäß Artikel 106 Absatz 3 GG dem Bund und den Ländern gemeinsam zu, so- weit das Aufkommen der Einkommensteuer nicht nach Absatz 5 und das Aufkommen der Umsatzsteuer nicht nach Absatz 5 a den Ge- meinden zugewiesen wird. Gemeinschaftsteuern sind die Umsatzsteuer, die Einkommensteuer sowie die Körperschaftsteuer. Zu den Lan- dessteuern zählt u. a. die Erbschaft- und Schenkungsteuer. Die Gewerbesteuer ist neben der Grundsteuer A und B die wichtigste Gemein- desteuer.
A5: Realsteuervergleich: Die kommunalen Körperschaften bestimmen autonom Hebesätze für die Festsetzung der Steuern, die die Steuer- pflichtigen für land- und forstwirtschaftliche Betriebe (Grundsteuer A), für sonstige Grundstücke (Grundsteuer B) bzw. als Gewerbetrei- bende (Gewerbesteuer) zu entrichten haben.
A6: Umsatzsteuerstatistik (Voranmeldungen): Abgebildet werden die Angaben der Unternehmen mit Lieferungen und Leistungen über 22.000 EUR, die zur Abgabe einer Umsatzsteuer-Voranmeldung verpflichtet sind. Neben den steuerlichen Merkmalen, wie steuerfreie und steuerpflichtige Lieferungen und Leistungen (Umsätze), innergemeinschaftliche Erwerbe, abziehbare Vorsteuerbeträge und Umsatzsteuer- Vorauszahlung, werden auch der Wirtschaftszweig, in dem das Unternehmen schwerpunktmäßig tätig ist, und die Rechtsform ausgewer- tet.
A7: Umsatzsteuerstatistik (Veranlagungen): Es werden die Unternehmen erfasst, die zur Abgabe einer Umsatzsteuererklärung verpflichtet sind. Somit werden auch – im Gegensatz zur Umsatzsteuerstatistik (Voranmeldungen) – Unternehmen mit Umsätzen bis 22.000 EUR ab- gebildet. Aufgrund der geltenden Abgabefristen für die Umsatzsteuererklärung liegen die Daten im Vergleich zu den Daten der Umsatz- steuerstatistik (Voranmeldungen) drei Jahre später vor.
A8: Lohn- und Einkommensteuerstatistik: Die Einkommensteuer wird auf das Einkommen von natürlichen Personen erhoben. Bei bestimmten Einkünften wird die Einkommensteuer bei der Einkommensentstehung durch Steuerabzug (z. B. Lohnsteuer, Kapitalertragsteuer, Zinsab- schlag) erhoben. Die Lohnsteuer ist eine Erhebungsform der Einkommensteuer. Statistisch relevante Erhebungsmerkmale sind u. a. Brutto- lohn, Kinderfreibeträge, Steuerklasse und Religion.
A9: Statistik über Personengesellschaften/Gemeinschaften: Hier sind sämtliche gesonderte und einheitliche Feststellungen der Einkünfte von Personengesellschaften und Gemeinschaften enthalten. Diese sind selbst nicht steuerpflichtig. Deshalb werden die ermittelten Gewinn-/Verlustanteile im Rahmen der Einkommen- oder Körper- schaftsteuer bei den einzelnen Gesellschaften der Ertragsbesteuerung unterworfen.
A10: Körperschaftsteuerstatistik: Bestimmte juristische Personen, z. B. Kapitalgesellschaften, Aktiengesellschaften (AG) oder Gesellschaften mit beschränkter Haftung (GmbH), unterliegen der Körperschaftsteuer. Bemessungsgrundlage ist das zu versteuernde Einkommen. Der Steuersatz liegt seit 2008 bei einheitlich 15 Prozent.
A11: Gewerbesteuerstatistik: Die Gewerbesteuer ist eine von den Gemeinden erhobene Realsteuer, der inländische Gewerbebetriebe unter- liegen. Die Höhe richtet sich nach dem Gewerbeertrag und dem örtlichen Hebesatz. Bemessungsgrundlage der Gewerbesteuer ist der Ge- werbeertrag. Er ergibt sich aus dem Gewinn über Hinzurechnungen und Kürzungen. Durch Multiplikation des Gewerbeertrags mit der Steuermesszahl (derzeit 3,5 Prozent) ergibt sich der Steuermessbetrag. Die Gewerbesteuer errechnet sich, indem der Steuermessbetrag mit dem Hebesatz der jeweiligen Gemeinde multipliziert wird. Die Gewerbesteuerstatistik weist insbesondere die Gewerbesteuerpflichtigen, die Besteuerungsgrundlagen sowie den Steuermessbetrag nach Gewerbeertragsgruppen und Rechtsformen aus.
A12: Erbschaft- und Schenkungsteuerstatistik: Die Erbschaftsteuer wird als Erbanfallsteuer erhoben. Sie knüpft an den Erwerb der einzelnen Erbin bzw. des einzelnen Erben oder der sonstigen Erwerberin bzw. des sonstigen Erwerbers an. Schenkungsteuerpflichtig ist jede freige- bige Zuwendung unter Lebenden, sofern die Schenkenden oder die Beschenkten Personen aus dem Inland sind. Statistisch erfasst werden die steuerpflichtigen Erwerbe nach Vermögensarten, Steuerklassen der Erwerberinnen bzw. Erwerber, Steuersätze und Erbschaft- oder Schenkungsteuer mit den im Besteuerungsverfahren festgestellten Angaben sowie die Nachlässe, untergliedert nach Vermögensarten, so- wie Nachlassverbindlichkeiten, Jahr der Entstehung der Steuer und Art der Steuerpflicht.
... A14: Die Rechtsgrundlagen und tiefergehende methodische Erläuterungen können den Qualitätsberichten bzw. angegebenen Statistischen Be- richten (siehe "Mehr zum Thema") entnommen werden.

Sheet Glossar
A1: Link zum Inhaltsverzeichnis
A2: Glossar
A3: Beschränkte Steuerpflicht - Einkommmensteuer: Personen, die inländische Einkünfte erzielen, aber weder ihren Wohnsitz noch ihren gewöhnlichen Aufenthaltsort im Inland haben, sind beschränkt steuerpflichtig. - Körperschaftsteuer: Körperschaften, Personenvereinigungen und Vermögensmassen, die weder ihre Geschäftsleitung noch ihren Sitz im Inland haben, sind mit ihren inländischen Einkünften beschränkt steuerpflichtig.
A4: Einkommensteuer wird u. a. auf Einkünfte aus selbstständiger und nichtselbstständiger Arbeit, Kapitalvermögen, Vermietung und Ver- pachtung und Renten erhoben.
A5: Die Gewerbesteuerumlage ist der von den Gemeinden an Bund und Land abzuführende Teil des Gewerbesteueraufkommens. Die Höhe der Gewerbesteuerumlage einer Gemeinde errechnet sich, indem das Gewerbesteuer-Istaufkommen der Gemeinde durch den von der Gemeinde erhobenen Hebesatz dividiert wird und mit dem Vervielfältiger multipliziert wird. Der Vervielfältiger ist die Summe aus Bundes- und Landesvervielfältiger. Somit ist die Höhe der Umlage unabhängig vom jeweiligen Gewerbesteuerhebesatz.
A6: Städte und Gemeinden können z. B. die Hebesätze der Realsteuern verändern, um so ihre Einnahmen zu beeinflussen. Für die Entschei- dung über die Hebesatzhöhe ist es wichtig zu wissen, welches Niveau die Hebesätze anderer vergleichbarer Städte und Gemeinden haben. Zu diesem Zweck kann der gewogene Durchschnittshebesatz für unterschiedliche Aggregationsstufen (z. B. Land, Kreis, Gemeindegrößen- klasse) genutzt werden. Er errechnet sich folgendermaßen: Summe der Istaufkommen je Realsteuerart dividiert durch die Summe der Grundbeträge je Realsteuerart, multipliziert mit 100.
A7: Der Gemeindeanteil an der Einkommensteuer ist der Anteil am Einkommensteueraufkommen, der den Städten und Gemeinden zusteht. Derzeit erhalten die Städte und Gemeinden 15 Prozent des Aufkommens an der Lohn- und veranlagten Einkommensteuer sowie 12 Pro- zent des Aufkommens aus der Abgeltungsteuer im jeweiligen Land. Der andere Teil des Aufkommens fließt jeweils zur Hälfte Bund und Ländern zu.
A8: Unter dem Gemeindeanteil an der Umsatzsteuer wird der Anteil am Aufkommen der Steuern vom Umsatz (Umsatzsteuer und Einfuhr- umsatzsteuer) verstanden, der den Städten und Gemeinden zusteht. Die Städte und Gemeinden erhalten einen Anteil von rund 2 Prozent des Umsatzsteueraufkommens. Der andere Teil fließt dem Bund (rund 53 Prozent) und den Ländern (rund 45 Prozent) zu. Die Verteilung erfolgt wie beim Gemeindeanteil an der Einkommensteuer nach einem bundeseinheitlichen und fortschreibungsfähigen Schlüssel, der alle drei Jahre aktualisiert wird.
A9: Die Gesamtheit aller Vermögenswerte und Schulden bezeichnet man als Nachlass/Erbschaft. Das Guthaben/Vermögen, das die Erblasserin bzw. der Erblasser hinterlässt, sind Nachlassgegenstände. Nachlassgegenstände sind u. a. land- und forstwirtschaftliches Vermögen, Grund- und Betriebsvermögen sowie das übrige Vermögen (z. B. Kapitalforderungen, Wertpapiere, Bankguthaben, Versicherungen, Renten, Bargeld, Hausrat usw.). Vermindert man die Summe der Nachlassgegenstände um die Nachlassverbindlichkeiten erhält man den Reinnachlass.
A10: Nachlassverbindlichkeiten sind die Erwerbslasten, die den Erwerb aus der Sicht der steuerpflichtigen Person schmälern. Dies sind z. B. Hypotheken, Steuerschulden, Verbindlichkeiten, Erbfallkosten und Schulden, die mit dem erworbenen Vermögen in wirtschaftlichem Zu- sammenhang stehen.
A11: Die Realsteueraufbringungskraft dient dazu, die Realsteuerkraft von Gemeinden mit verschiedenen Realsteuerhebesätzen vergleichbar zu machen. Die Realsteueraufbringungskraft gibt an, wie hoch das Realsteuer-Istaufkommen gewesen wäre, wenn die betrachteten Gemein- den den jeweiligen gewogenen Durchschnittshebesatz des Bundeslandes angewandt hätten. Sie errechnet sich folgendermaßen: Multipli- kation der Grundbeträge der Gemeinden je Realsteuerart mit dem jeweiligen gewogenen Landesdurchschnittshebesatz, dividiert durch 100. Die Summe der so errechneten Größen ergibt dann die Realsteueraufbringungskraft.
A12: Als Realsteuer-Grundbetrag bezeichnet man einen Steuermessbetrag, der für Vergleiche zwischen Gemeinden genutzt wird, da über den Grundbetrag die Wirkung unterschiedlich hoher Realsteuer-Hebesätze aufgehoben wird. Er errechnet sich folgendermaßen: Istaufkom- men je Realsteuerart dividiert durch den jeweiligen Hebesatz, multipliziert mit 100.
... A29: Bei der Steuerberechnung kann die Unternehmerin bzw. der Unternehmer die ihr/ihm im Geschäftsverkehr von anderen Unternehmen ge- sondert in Rechnung gestellte Umsatzsteuer als Vorsteuerbetrag von seiner Steuerschuld absetzen. Der Vorsteuerabzug ist nur zulässig, wenn die Steuer gesondert in Rechnung gestellt worden ist.

Sheet Mehr zum Thema
A1: Link zum Inhaltsverzeichnis
A2: Mehr zum Thema
A3: Weitere Informationen zum Thema finden Sie auf der Website des Statistischen Amtes Mecklenburg-Vorpommern
A4: > https://www.laiv-mv.de/statistik/
A5: Statistische Berichte Mecklenburg-Vorpommern
A6: > L273 | B6: Realsteuervergleich
A7: > L413 | B7: Umsätze und ihre Besteuerung – Ergebnisse der Umsatzsteuerstatistik –
A8: Qualitätsberichte Statistisches Bundesamt
A9: > Steuern
A10: Fachliche Informationen
A11: N.N., Telefon: 0385 588-56432, steuern@statistik-mv.de
A12: Quellenangaben
A13: Vergleichswerte Deutschland: Statistisches Bundesamt

Sheet  
